Workbook

Sheet DADOS
A5: EXERCÍCIO: | C5: 2025
A8: CONTRATANTE | D8: Prefeitura Municipal de Americana
A9: CONTRATADA | D9: Associação Beneficente Residencial Evangélico Benaiah
A10: ENDEREÇO | D10: Rua Benaiah, 290 - Terramérica - Americana/SP – CEP 13.468-824
A11: RESPONSAVEL PELA ORGANIZAÇÃO | D11: HELIO DE OLIVEIRA CAMARGO
A13: TERMO DE COLABORAÇÃO | D13: 169/2024 | E13: ADITAMENTO
A14: CNPJ: | B14: 43.266.758/0001-89
A18: PARCELA
A19: Valor das Parcelas | D19: RH | E19: UTILIDADES PÚBLICAS | F19: GENEROS ALIMENTICIOS | G19: MATERIAIS DE CONSUMO | H19: COMBUSTIVEL | I19: OUTRAS DESPESAS | J19: TOTAL MANUTENÇÃO | K19: TOTAL GERAL
C20: =1612683.96-164215.6-1058730.08-116162+120640.56-116162+120640.56-116162+120640.56-54684 -> 348489.96 | D20: =C20 -> 348489.96 | H20: 0 | I20: 0 | J20: =SUM(E20:I20) -> 0 | K20: =J20+D20 -> 348489.96
A21: 01 | B21: janeiro | C21: =ROUNDDOWN(C$20/3,2)-1.32 -> 116162 | D21: =C21 -> 116162 | E21: =ROUNDDOWN(E$20/12,2) -> 0 | F21: =ROUNDDOWN(F$20/12,2) -> 0 | G21: =ROUNDDOWN(G$20/12,2) -> 0 | H21: =ROUNDDOWN(H$20/12,2) -> 0 | I21: =ROUNDDOWN(I$20/12,2) -> 0 | J21: =SUM(E21:I21) -> 0 | K21: =J21+D21 -> 116162
A22: 02 | B22: fevereiro | C22: =ROUNDDOWN(C$20/3,2)-1.32 -> 116162 | D22: =C22 -> 116162 | E22: =ROUNDDOWN(E$20/12,2) -> 0 | F22: =ROUNDDOWN(F$20/12,2) -> 0 | G22: =ROUNDDOWN(G$20/12,2) -> 0 | H22: =ROUNDDOWN(H$20/12,2) -> 0 | I22: =ROUNDDOWN(I$20/12,2) -> 0 | J22: =SUM(E22:I22) -> 0 | K22: =J22+D22 -> 116162
A23: 03 | B23: março | C23: =ROUNDDOWN(C$20/3,2)-1.32+3.96-58346.26 -> 57819.7 | D23: =C23 -> 57819.7 | E23: =ROUNDDOWN(E$20/12,2) -> 0 | F23: =ROUNDDOWN(F$20/12,2) -> 0 | G23: =ROUNDDOWN(G$20/12,2) -> 0 | H23: =ROUNDDOWN(H$20/12,2) -> 0 | I23: =ROUNDDOWN(I$20/12,2) -> 0 | J23: =SUM(E23:I23) -> 0 | K23: =J23+D23 -> 57819.7
A24: 04 | B24: abril | E24: =ROUNDDOWN(E$20/12,2) -> 0 | F24: =ROUNDDOWN(F$20/12,2) -> 0 | G24: =ROUNDDOWN(G$20/12,2) -> 0 | H24: =ROUNDDOWN(H$20/12,2) -> 0 | I24: =ROUNDDOWN(I$20/12,2) -> 0 | J24: =SUM(E24:I24) -> 0 | K24: =J24+D24 -> 0
A25: 05 | B25: maio | E25: =ROUNDDOWN(E$20/12,2) -> 0 | F25: =ROUNDDOWN(F$20/12,2) -> 0 | G25: =ROUNDDOWN(G$20/12,2) -> 0 | H25: =ROUNDDOWN(H$20/12,2) -> 0 | I25: =ROUNDDOWN(I$20/12,2) -> 0 | J25: =SUM(E25:I25) -> 0 | K25: =J25+D25 -> 0
A26: 06 | B26: junho | E26: =ROUNDDOWN(E$20/12,2) -> 0 | F26: =ROUNDDOWN(F$20/12,2) -> 0 | G26: =ROUNDDOWN(G$20/12,2) -> 0 | H26: =ROUNDDOWN(H$20/12,2) -> 0 | I26: =ROUNDDOWN(I$20/12,2) -> 0 | J26: =SUM(E26:I26) -> 0 | K26: =J26+D26 -> 0
A27: 07 | B27: julho | E27: =ROUNDDOWN(E$20/12,2) -> 0 | F27: =ROUNDDOWN(F$20/12,2) -> 0 | G27: =ROUNDDOWN(G$20/12,2) -> 0 | H27: =ROUNDDOWN(H$20/12,2) -> 0 | I27: =ROUNDDOWN(I$20/12,2) -> 0 | J27: =SUM(E27:I27) -> 0 | K27: =J27+D27 -> 0
A28: 08 | B28: agosto | E28: =ROUNDDOWN(E$20/12,2) -> 0 | F28: =ROUNDDOWN(F$20/12,2) -> 0 | G28: =ROUNDDOWN(G$20/12,2) -> 0 | H28: =ROUNDDOWN(H$20/12,2) -> 0 | I28: =ROUNDDOWN(I$20/12,2) -> 0 | J28: =SUM(E28:I28) -> 0 | K28: =J28+D28 -> 0
A29: 09 | B29: setembro | E29: =ROUNDDOWN(E$20/12,2) -> 0 | F29: =ROUNDDOWN(F$20/12,2) -> 0 | G29: =ROUNDDOWN(G$20/12,2) -> 0 | H29: =ROUNDDOWN(H$20/12,2) -> 0 | I29: =ROUNDDOWN(I$20/12,2) -> 0 | J29: =SUM(E29:I29) -> 0 | K29: =J29+D29 -> 0
A30: 10 | B30: outubro | E30: =ROUNDDOWN(E$20/12,2) -> 0 | F30: =ROUNDDOWN(F$20/12,2) -> 0 | G30: =ROUNDDOWN(G$20/12,2) -> 0 | H30: =ROUNDDOWN(H$20/12,2) -> 0 | I30: =ROUNDDOWN(I$20/12,2) -> 0 | J30: =SUM(E30:I30) -> 0 | K30: =J30+D30 -> 0
A31: 11 | B31: novembro | E31: =ROUNDDOWN(E$20/12,2) -> 0 | F31: =ROUNDDOWN(F$20/12,2) -> 0 | G31: =ROUNDDOWN(G$20/12,2) -> 0 | H31: =ROUNDDOWN(H$20/12,2) -> 0 | I31: =ROUNDDOWN(I$20/12,2) -> 0 | J31: =SUM(E31:I31) -> 0 | K31: =J31+D31 -> 0
A32: 12 | B32: dezembro | E32: =ROUNDDOWN(E$20/12,2) -> 0 | F32: =ROUNDDOWN(F$20/12,2) -> 0 | G32: =ROUNDDOWN(G$20/12,2) -> 0 | H32: =ROUNDDOWN(H$20/12,2) -> 0 | I32: =ROUNDDOWN(I$20/12,2) -> 0 | J32: =SUM(E32:I32) -> 0 | K32: =J32+D32 -> 0
B33: TOTAIS | C33: =SUM(C21:C32) -> 290143.7 | D33: =SUM(D21:D32) -> 290143.7 | E33: =SUM(E21:E32) -> 0 | F33: =SUM(F21:F32) -> 0 | G33: =SUM(G21:G32) -> 0 | H33: =SUM(H21:H32) -> 0 | I33: =SUM(I21:I32) -> 0 | J33: =SUM(J21:J32) -> 0 | K33: =SUM(K21:K32) -> 290143.7
A35: =A21 | B35: =A21 | C35: =C21 -> 116162 | D35: =D21 -> 116162 | E35: (Cento e dezesseis mil, cento e sessenta e dois reais) acrescidos do saldo de recursos não
A36: =A22 | B36: =A22 | C36: =C22 -> 116162 | D36: =D22 -> 116162 | E36: (Cento e dezesseis mil, cento e sessenta e dois reais) acrescidos do saldo de recursos não
A37: =A23 | B37: =A23 | C37: =C23 -> 57819.7 | D37: =D23 -> 57819.7 | E37: (Cinquenta e sete mil, oitocentos e dezenove reais e noventa e seis centavos) acrescidos do saldo de recursos não

Sheet Parcela 10
A4: DEMONSTRATIVO INTEGRAL DAS RECEITAS E DESPESAS
D5: =DADOS!A5 -> EXERCÍCIO: | E5: =DADOS!C5 -> 2025
A8: =DADOS!A$8 -> CONTRATANTE | D8: =DADOS!D$8 -> Prefeitura Municipal de Americana
A9: =DADOS!A$9 -> CONTRATADA | D9: =DADOS!D$9 -> Associação Beneficente Residencial Evangélico Benaiah
A10: =DADOS!A$14 -> CNPJ: | D10: =DADOS!B$14 -> 43.266.758/0001-89
A11: =DADOS!A$10 -> ENDEREÇO | D11: =DADOS!D$10 -> Rua Benaiah, 290 - Terramérica - Americana/SP – CEP 13.468-824
A12: =DADOS!A$11 -> RESPONSAVEL PELA ORGANIZAÇÃO | D12: =DADOS!D$11 -> HELIO DE OLIVEIRA CAMARGO
A13: =DADOS!A$13 -> TERMO DE COLABORAÇÃO | D13: =DADOS!D13 -> 169/2024 | E13: =DADOS!E13 -> ADITAMENTO | F13: =DADOS!F13 -> 0
A16: PARCELA Nº | C16: 10
A17: DEMOSTRATICO DOS REPASSES PÚBLICOS RECEBIDOS
A18: ORIGEM DOS RECURSOS | C18: VALORES PREVISTOS - R$ | E18: DOC. DE CRÉDITO Nº | F18: DATA | G18: VALORES
G19: REPASSADOS -R$
A20: Municipal | D20: =DADOS!C21 -> 116162 | E20: 000001 | F20: 45681 | G20: 116162
F24: RECEITA COM APLICAÇÕES FINANCEIRAS DOS REPASSES PÚBLICOS
F25: SALDO DE RECURSOS PÚBLICOS NÃO APLICADOS
F26: TOTAL | G26: =SUM(G20:G25) -> 116162
F27: RECURSOS PROPRIOS APLICADOS PELA ENTIDADE
A28: Os signatários, na qualidade de representantes da Associação Beneficente Residencial Evangélico Benaiah, vem indicar,
A29: na forma abaixo detalhada, a aplicação dos recursos recebidos no exercício supramencionado, na importância total de
A30: =SUM(G20:G23) -> 116162 | B30: =DADOS!E35 -> (Cento e dezesseis mil, cento e sessenta e dois reais) acrescidos do saldo de recursos não
A31: aplicados, no valor de R$ | C31: {=G24:G25} -> 0 | D31: ( )
A32: DEMONSTRATIVO DAS DESPESAS REALIZADAS | C32: 0
A33: CATEGORIA OU FINALIDADE | D33: PERIODO DE | F33: ORIGEM DO | G33: VALORES
A34: DAS DESPESAS | D34: REALIZAÇÃO | F34: RECURSO | G34: APLICADOS
A35: RECURSOS HUMANOS | D35: =DADOS!B$21 -> janeiro | F35: Municipal | G35: =G107 -> 116162
A36: MANUTENÇÃO - Utilidades públicas | D36: =DADOS!B$21 -> janeiro | F36: Municipal | G36: =G115 -> 0
A37: MANUTENÇÃO - Gêneros alimentícios | D37: =DADOS!B$21 -> janeiro | F37: Municipal | G37: =G128 -> 0
A38: MANUTENÇÃO - Mateirais de consumo | D38: =DADOS!B$21 -> janeiro | F38: Municipal | G38: =G140 -> 0
A39: MANUTENÇÃO - Combustível | D39: =DADOS!B$21 -> janeiro | F39: Municipal | G39: =G146 -> 0
A40: MANUTENÇÃO - Outras despesas | D40: =DADOS!B$21 -> janeiro | F40: Municipal | G40: =G155 -> 0
A41: TOTAL DAS DESPESAS | G41: =SUM(G35:G40) -> 116162
A42: RECURSO PÚBLICO NÃO APLICADO | G42: =SUM(G20:G25)-G41 -> 0
A43: VALOR DEVOLVIDO AO ORGÃO CONCESSOR
A44: VALOR AUTORIZADO PARA APLICAÇÃO NO EXERCICIO SEGUINTE | G44: =G26-G41-G43 -> 0
A45: Declaramos, na qualidade de responsáveis pela Entidade supra epigrafada, sob as penalidades da Lei, que as despesas relacionadas, examinadas pelo Conselho Fiscal, comprovam a exata aplicação dos recursos recebidos para os fins indicados através da conta corrente 003/00004492-7, agência 0278, para finalidade específica, conforme programa de trabalho aprovado, proposto ao Órgão Concessor.
B47: Americana, | C47: 28 de fevereiro de 2025.
A53: Membros do Conselho Fiscal
B57: =A4 -> DEMONSTRATIVO INTEGRAL DAS RECEITAS E DESPESAS
D58: =D5 -> EXERCÍCIO: | E58: =E5 -> 2025
A60: =A8 -> CONTRATANTE | D60: =D8 -> Prefeitura Municipal de Americana
A61: =A9 -> CONTRATADA | D61: =D9 -> Associação Beneficente Residencial Evangélico Benaiah
A62: =A10 -> CNPJ: | D62: =D10 -> 43.266.758/0001-89
A63: =A11 -> ENDEREÇO | D63: =D11 -> Rua Benaiah, 290 - Terramérica - Americana/SP – CEP 13.468-824
A64: =A12 -> RESPONSAVEL PELA ORGANIZAÇÃO | D64: =D12 -> HELIO DE OLIVEIRA CAMARGO
A65: =A13 -> TERMO DE COLABORAÇÃO | D65: =D13 -> 169/2024 | E65: =E13 -> ADITAMENTO | F65: =F13 -> 0
A66: PARCELA Nº | C66: =C16 -> 10
A67: RECURSOS HUMANOS (5) - Salários, encargos e benefícios
A68: DATA DO | C68: ESPECIFICAÇÃO DO | E68: NATUREZA DA DESPESA | G68: VALOR - R$
A69: DOCUMENTO | C69: DOCUMENTO | E69: RESUMIDAMENTE
A70: 45688 | C70: Holerite (parte) | E70: Ana Lucia F. dos Santos - Cozinheira | G70: 2595
A71: =A$70 -> 45688 | C71: Holerite (parte) | E71: Ana Maria C. T. Neves - Serviços Gerais | G71: 2718
A72: =A$70 -> 45688 | C72: Holerite (parte) | E72: Andreia dos Santos Pina - Terapeuta Ocup. | G72: 4529
A73: =A$70 -> 45688 | C73: Holerite (parte) | E73: Beatriz A. dos Santos - Cozinheira | G73: 2454
A74: =A$70 -> 45688 | C74: Holerite (parte) | E74: Bruna L. A. dos Santos - Serviços Gerais | G74: 2140
A75: =A$70 -> 45688 | C75: Holerite (parte) | E75: Cleitom H.S> dos Santos - Cuidador | G75: 3076
A76: =A$70 -> 45688 | C76: Holerite (parte) | E76: Daiany Renata Thomazini - Cuidadora | G76: 3441
A77: =A$70 -> 45688 | C77: Holerite (parte) | E77: Edmara Teles Martins - Serviços Gerais | G77: 2441
A78: =A$70 -> 45688 | C78: Holerite (parte) | E78: Elenice T. F. da Silva - Serviços Gerais | G78: 2829
A79: =A$70 -> 45688 | C79: Holerite (parte) | E79: Enara C. de Campos Seco - Coordenadora | G79: 6947
A80: =A$70 -> 45688 | C80: Holerite (parte) | E80: Fátima Mariellen Sobral Pereira - Cozinheira
A81: =A$70 -> 45688 | C81: Holerite (parte) | E81: Fernanda de O. Vieira - Analista Financeiro | G81: 3044
A82: =A$70 -> 45688 | C82: Holerite (parte) | E82: Janaina V. de O. Camargo - Nutricionista | G82: 2730
A83: =A$70 -> 45688 | C83: Holerite (parte) | E83: Juliana M. da Silva Domingues - Cuidadora | G83: 1117
A84: =A$70 -> 45688 | C84: Holerite (parte) | E84: Junio de Sousa Carvalho - Cuidador | G84: 3268
A85: =A$70 -> 45688 | C85: Holerite (parte) | E85: Marcela Cristina Barbera - Psicologa | G85: 4085
A86: =A$70 -> 45688 | C86: Holerite (parte) | E86: Maria Ozeni F. Santos - Cozinheira | G86: 1777
A87: =A$70 -> 45688 | C87: Holerite (parte) | E87: Mariana S. Henriques - Enfermeira Padrão | G87: 4021
A88: =A$70 -> 45688 | C88: Holerite (parte) | E88: Marileide L. Curvo - Aux. de Enfermagem | G88: 3267
A89: =A$70 -> 45688 | C89: Holerite (parte) | E89: Marina da Silva de Leão - Cuidadora | G89: 3961
A90: =A$70 -> 45688 | C90: Holerite (parte) | E90: Marta de Jesus Grigolete - Serviços Gerais | G90: 2977
A91: =A$70 -> 45688 | C91: Holerite (parte) | E91: Mirelli Samira Vaz - Cuidadora | G91: 3441
A92: =A$70 -> 45688 | C92: Holerite (parte) | E92: Odete M. de Souza - Aux. de Enfermagem | G92: 3469
... A100: =A$70 -> 45688 | C100: Holerite (parte) | E100: Vanusa M. S. Santos - Serviços Gerais | G100: 2985
A101: 45658 | C101: FGTS - Comp. | D101: 01/25 (parte) | E101: Folha de pagamento - FGTS | G101: 6790.92
A102: 45660 | C102: Holerite (parte) - Férias | E102: Janaina V. de O. Camargo - Nutricionista | G102: 4367
A103: 45681 | C103: Holerite (parte) - Férias | E103: Beatriz A. dos Santos - Cozinheira | G103: 3717.3
A104: 45688 | C104: Holerite (parte) - Férias | E104: Ronilda Cirino Tomaz - Cuidadora | G104: 4633.78
J106: =DADOS!D$21 -> 116162
F107: TOTAL RECURSOS HUMANOS | G107: =SUM(G70:G106) -> 116162 | H107: =IF(J107>J106*0.05,"DIMINUIR VALOR",IF(J107<-J106*0.05,"AUMENTAR VALOR","")) | J107: =G107-J106 -> 0
A108: MANUTENÇÃO: Uilidades públicas (7) - Energia Elétrica, água e esgoto, gás, telefone e internet
A109: DATA DO | C109: ESPECIFICAÇÃO DO | E109: NATUREZA DA DESPESA | G109: VALOR - R$
A110: DOCUMENTO | C110: DOCUMENTO | E110: RESUMIDAMENTE
J114: =DADOS!E$21 -> 0
F115: TOTAL UTILIDADES PÚBLICAS | G115: =SUM(G111:G114) -> 0 | H115: =IF(J115>J114*0.05,"DIMINUIR VALOR",IF(J115<-J114*0.05,"AUMENTAR VALOR","")) | J115: =G115-J114 -> 0
A116: MANUTENÇÃO: Gêneros alimentícios
A117: DATA DO | C117: ESPECIFICAÇÃO DO | E117: NATUREZA DA DESPESA | G117: VALOR - R$
A118: DOCUMENTO | C118: DOCUMENTO | E118: RESUMIDAMENTE
J127: =DADOS!F$21 -> 0
F128: TOTAL GÊNEROS ALIMENTICIOS | G128: =SUM(G119:G127) -> 0 | H128: =IF(J128>J127*0.05,"DIMINUIR VALOR",IF(J128<-J127*0.05,"AUMENTAR VALOR","")) | J128: =G128-J127 -> 0
A129: MANUTENÇÃO: Materiais de consumo
A130: DATA DO | C130: ESPECIFICAÇÃO DO | E130: NATUREZA DA DESPESA | G130: VALOR - R$
A131: DOCUMENTO | C131: DOCUMENTO | E131: RESUMIDAMENTE
J139: =DADOS!G$21 -> 0
F140: TOTAL MATERIAIS DE CONSUMO | G140: =SUM(G132:G139) -> 0 | H140: =IF(J140>J139*0.05,"DIMINUIR VALOR",IF(J140<-J139*0.05,"AUMENTAR VALOR","")) | J140: =G140-J139 -> 0
A141: MANUTENÇÃO: Combustível
A142: DATA DO | C142: ESPECIFICAÇÃO DO | E142: NATUREZA DA DESPESA | G142: VALOR - R$
A143: DOCUMENTO | C143: DOCUMENTO | E143: RESUMIDAMENTE
F146: TOTAL COMBUSTIVEL | G146: =SUM(G144:G145) -> 0
A147: MANUTENÇÃO: Outras despesas
A148: DATA DO | C148: ESPECIFICAÇÃO DO | E148: NATUREZA DA DESPESA | G148: VALOR - R$
...

Sheet Parcela 11
A4: DEMONSTRATIVO INTEGRAL DAS RECEITAS E DESPESAS
D5: =DADOS!A5 -> EXERCÍCIO: | E5: =DADOS!C5 -> 2025
A8: =DADOS!A$8 -> CONTRATANTE | D8: =DADOS!D$8 -> Prefeitura Municipal de Americana
A9: =DADOS!A$9 -> CONTRATADA | D9: =DADOS!D$9 -> Associação Beneficente Residencial Evangélico Benaiah
A10: =DADOS!A$14 -> CNPJ: | D10: =DADOS!B$14 -> 43.266.758/0001-89
A11: =DADOS!A$10 -> ENDEREÇO | D11: =DADOS!D$10 -> Rua Benaiah, 290 - Terramérica - Americana/SP – CEP 13.468-824
A12: =DADOS!A$11 -> RESPONSAVEL PELA ORGANIZAÇÃO | D12: =DADOS!D$11 -> HELIO DE OLIVEIRA CAMARGO
A13: =DADOS!A$13 -> TERMO DE COLABORAÇÃO | D13: =DADOS!D13 -> 169/2024 | E13: =DADOS!E13 -> ADITAMENTO | F13: =DADOS!F13 -> 0
A16: PARCELA Nº | C16: 11
A17: DEMOSTRATICO DOS REPASSES PÚBLICOS RECEBIDOS
A18: ORIGEM DOS RECURSOS | C18: VALORES PREVISTOS - R$ | E18: DOC. DE CRÉDITO Nº | F18: DATA | G18: VALORES
G19: REPASSADOS -R$
A20: Municipal | D20: =DADOS!C22 -> 116162 | E20: 000001 | F20: 45713 | G20: 116162
F24: RECEITA COM APLICAÇÕES FINANCEIRAS DOS REPASSES PÚBLICOS
F25: SALDO DE RECURSOS PÚBLICOS NÃO APLICADOS | G25: ='Parcela 10'!G42 -> 0
F26: TOTAL | G26: =SUM(G20:G25) -> 116162
F27: RECURSOS PROPRIOS APLICADOS PELA ENTIDADE
A28: Os signatários, na qualidade de representantes da Associação Beneficente Residencial Evangélico Benaiah, vem indicar,
A29: na forma abaixo detalhada, a aplicação dos recursos recebidos no exercício supramencionado, na importância total de
A30: =SUM(G20:G23) -> 116162 | B30: =DADOS!E36 -> (Cento e dezesseis mil, cento e sessenta e dois reais) acrescidos do saldo de recursos não
A31: aplicados, no valor de R$ | C31: {=G24:G25} -> 0 | D31: ( )
A32: DEMONSTRATIVO DAS DESPESAS REALIZADAS | C32: 0
A33: CATEGORIA OU FINALIDADE | D33: PERIODO DE | F33: ORIGEM DO | G33: VALORES
A34: DAS DESPESAS | D34: REALIZAÇÃO | F34: RECURSO | G34: APLICADOS
A35: RECURSOS HUMANOS | D35: =DADOS!B$22 -> fevereiro | F35: Municipal | G35: =G107 -> 116162
A36: MANUTENÇÃO - Utilidades públicas | D36: =DADOS!B$22 -> fevereiro | F36: Municipal | G36: =G115 -> 0
A37: MANUTENÇÃO - Gêneros alimentícios | D37: =DADOS!B$22 -> fevereiro | F37: Municipal | G37: =G128 -> 0
A38: MANUTENÇÃO - Mateirais de consumo | D38: =DADOS!B$22 -> fevereiro | F38: Municipal | G38: =G140 -> 0
A39: MANUTENÇÃO - Combustível | D39: =DADOS!B$22 -> fevereiro | F39: Municipal | G39: =G146 -> 0
A40: MANUTENÇÃO - Outras despesas | D40: =DADOS!B$22 -> fevereiro | F40: Municipal | G40: =G155 -> 0
A41: TOTAL DAS DESPESAS | G41: =SUM(G35:G40) -> 116162
A42: RECURSO PÚBLICO NÃO APLICADO | G42: =SUM(G20:G25)-G41 -> 0
A43: VALOR DEVOLVIDO AO ORGÃO CONCESSOR
A44: VALOR AUTORIZADO PARA APLICAÇÃO NO EXERCICIO SEGUINTE | G44: =G26-G41-G43 -> 0
A45: Declaramos, na qualidade de responsáveis pela Entidade supra epigrafada, sob as penalidades da Lei, que as despesas relacionadas, examinadas pelo Conselho Fiscal, comprovam a exata aplicação dos recursos recebidos para os fins indicados através da conta corrente 003/00004492-7, agência 0278, para finalidade específica, conforme programa de trabalho aprovado, proposto ao Órgão Concessor.
B47: Americana, | C47: 21 de março de 2025.
A53: Membros do Conselho Fiscal
B57: =A4 -> DEMONSTRATIVO INTEGRAL DAS RECEITAS E DESPESAS
D58: =D5 -> EXERCÍCIO: | E58: =E5 -> 2025
A60: =A8 -> CONTRATANTE | D60: =D8 -> Prefeitura Municipal de Americana
A61: =A9 -> CONTRATADA | D61: =D9 -> Associação Beneficente Residencial Evangélico Benaiah
A62: =A10 -> CNPJ: | D62: =D10 -> 43.266.758/0001-89
A63: =A11 -> ENDEREÇO | D63: =D11 -> Rua Benaiah, 290 - Terramérica - Americana/SP – CEP 13.468-824
A64: =A12 -> RESPONSAVEL PELA ORGANIZAÇÃO | D64: =D12 -> HELIO DE OLIVEIRA CAMARGO
A65: =A13 -> TERMO DE COLABORAÇÃO | D65: =D13 -> 169/2024 | E65: =E13 -> ADITAMENTO | F65: =F13 -> 0
A66: PARCELA Nº | C66: =C16 -> 11
A67: RECURSOS HUMANOS (5) - Salários, encargos e benefícios
A68: DATA DO | C68: ESPECIFICAÇÃO DO | E68: NATUREZA DA DESPESA | G68: VALOR - R$
A69: DOCUMENTO | C69: DOCUMENTO | E69: RESUMIDAMENTE
A70: 45716 | C70: Holerite (parte) | E70: Ana Lucia F. dos Santos - Cozinheira | G70: 2563
A71: =A$70 -> 45716 | C71: Holerite (parte) | E71: Ana Maria C. T. Neves - Serviços Gerais | G71: 2618
A72: =A$70 -> 45716 | C72: Holerite (parte) | E72: Andreia dos Santos Pina - Terapeuta Ocup. | G72: 4908
A73: =A$70 -> 45716 | C73: Holerite (parte) | E73: Beatriz A. dos Santos - Cozinheira | G73: 984
A74: =A$70 -> 45716 | C74: Holerite (parte) | E74: Bruna L. A. dos Santos - Serviços Gerais | G74: 1562
A75: =A$70 -> 45716 | C75: Holerite (parte) | E75: Cleitom H.S> dos Santos - Cuidador | G75: 3037
A76: =A$70 -> 45716 | C76: Holerite (parte) | E76: Daiany Renata Thomazini - Cuidadora | G76: 3441
A77: =A$70 -> 45716 | C77: Holerite (parte) | E77: Edmara Teles Martins - Serviços Gerais | G77: 2007
A78: =A$70 -> 45716 | C78: Holerite (parte) | E78: Elenice T. F. da Silva - Serviços Gerais | G78: 2666
A79: =A$70 -> 45716 | C79: Holerite (parte) | E79: Enara C. de Campos Seco - Coordenadora | G79: 6904
A80: =A$70 -> 45716 | C80: Holerite (parte) | E80: Fátima Mariellen Sobral Pereira - Cozinheira | G80: 2612
A81: =A$70 -> 45716 | C81: Holerite (parte) | E81: Fernanda de O. Vieira - Analista Financeiro | G81: 4471
A82: =A$70 -> 45716 | C82: Holerite (parte) | E82: Janaina V. de O. Camargo - Nutricionista | G82: 4877
... A100: =A$70 -> 45716 | C100: Holerite (parte) | E100: Vanusa M. S. Santos - Serviços Gerais | G100: 2865
A101: 45689 | C101: FGTS - Comp. | D101: 02/2025(parte) | E101: Folha de pagamento | G101: 5830.28
A102: 45698 | C102: Holerite (parte)-férias | E102: Tamiris de Assis de Sá - Recepcionista | G102: 1187.41
A103: 45715 | C103: Holerite (parte)-férias | E103: Junio de Sousa Carvalho - Cuidador | G103: 2263.63
A104: 45716 | C104: Holerite (parte)-férias | E104: Fernanda de O. Vieira - Analista financeiro | G104: 1039.09
A105: 45689 | C105: GPS-Comp. 02/2025(parte) | E105: Folha de pagamento | G105: 4932.59
J106: =DADOS!D$22 -> 116162
F107: TOTAL RECURSOS HUMANOS | G107: =SUM(G70:G106) -> 116162 | H107: =IF(J107>J106*0.05,"DIMINUIR VALOR",IF(J107<-J106*0.05,"AUMENTAR VALOR","")) | J107: =G107-J106 -> 0
A108: MANUTENÇÃO: Uilidades públicas (7) - Energia Elétrica, água e esgoto, gás, telefone e internet
A109: DATA DO | C109: ESPECIFICAÇÃO DO | E109: NATUREZA DA DESPESA | G109: VALOR - R$
A110: DOCUMENTO | C110: DOCUMENTO | E110: RESUMIDAMENTE
J114: =DADOS!E$23 -> 0
F115: TOTAL UTILIDADES PÚBLICAS | G115: =SUM(G111:G114) -> 0 | H115: =IF(J115>J114*0.05,"DIMINUIR VALOR",IF(J115<-J114*0.05,"AUMENTAR VALOR","")) | J115: =G115-J114 -> 0
A116: MANUTENÇÃO: Gêneros alimentícios
A117: DATA DO | C117: ESPECIFICAÇÃO DO | E117: NATUREZA DA DESPESA | G117: VALOR - R$
A118: DOCUMENTO | C118: DOCUMENTO | E118: RESUMIDAMENTE
J127: =DADOS!F$23 -> 0
F128: TOTAL GÊNEROS ALIMENTICIOS | G128: =SUM(G119:G127) -> 0 | H128: =IF(J128>J127*0.05,"DIMINUIR VALOR",IF(J128<-J127*0.05,"AUMENTAR VALOR","")) | J128: =G128-J127 -> 0
A129: MANUTENÇÃO: Materiais de consumo
A130: DATA DO | C130: ESPECIFICAÇÃO DO | E130: NATUREZA DA DESPESA | G130: VALOR - R$
A131: DOCUMENTO | C131: DOCUMENTO | E131: RESUMIDAMENTE
J139: =DADOS!G$23 -> 0
F140: TOTAL MATERIAIS DE CONSUMO | G140: =SUM(G132:G139) -> 0 | H140: =IF(J140>J139*0.05,"DIMINUIR VALOR",IF(J140<-J139*0.05,"AUMENTAR VALOR","")) | J140: =G140-J139 -> 0
A141: MANUTENÇÃO: Combustível
A142: DATA DO | C142: ESPECIFICAÇÃO DO | E142: NATUREZA DA DESPESA | G142: VALOR - R$
A143: DOCUMENTO | C143: DOCUMENTO | E143: RESUMIDAMENTE
F146: TOTAL COMBUSTIVEL | G146: =SUM(G144:G145) -> 0
A147: MANUTENÇÃO: Outras despesas
A148: DATA DO | C148: ESPECIFICAÇÃO DO | E148: NATUREZA DA DESPESA | G148: VALOR - R$
A149: DOCUMENTO | C149: DOCUMENTO | E149: RESUMIDAMENTE
J152: =DADOS!I$23 -> 0
H153: =IF(J153>J152*0.05,"DIMINUIR VALOR",IF(J153<-J152*0.05,"AUMENTAR VALOR","")) | J153: =G155-J152 -> 0
F155: TOTAL OUTRAS DESPESAS | G155: =SUM(G150:G154) -> 0 | J155: =DADOS!J$23 -> 0
F156: TOTAL MANUTENÇÃO | G156: =SUM(G155+G146+G140+G128+G115) -> 0 | H156: =IF(J156>J155*0.05,"DIMINUIR VALOR",IF(J156<-J155*0.05,"AUMENTAR VALOR","")) | J156: =G156-J155 -> 0
F157: TOTAL GERAL | G157: =SUM(G156+G107) -> 116162 | H157: =IF(G157>J157,"DIMINUIR VALOR",IF(G157<J157,"AUMENTAR VALOR","")) | J157: =J106+J155 -> 116162
A158: Declaramos que os valores acima conferem com o Demonstrativo Integral das Receitas e Despesas do Exercício, elaborado nos moldes das Instruções vigentes do Tribunal de Contas do Estado de São Paulo.
B159: Americana, | C159: =C47 -> 21 de março de 2025.
A174: Declaração
...

Sheet Parcela 12
A4: DEMONSTRATIVO INTEGRAL DAS RECEITAS E DESPESAS
D5: =DADOS!A5 -> EXERCÍCIO: | E5: =DADOS!C5 -> 2025
A8: =DADOS!A$8 -> CONTRATANTE | D8: =DADOS!D$8 -> Prefeitura Municipal de Americana
A9: =DADOS!A$9 -> CONTRATADA | D9: =DADOS!D$9 -> Associação Beneficente Residencial Evangélico Benaiah
A10: =DADOS!A$14 -> CNPJ: | D10: =DADOS!B$14 -> 43.266.758/0001-89
A11: =DADOS!A$10 -> ENDEREÇO | D11: =DADOS!D$10 -> Rua Benaiah, 290 - Terramérica - Americana/SP – CEP 13.468-824
A12: =DADOS!A$11 -> RESPONSAVEL PELA ORGANIZAÇÃO | D12: =DADOS!D$11 -> HELIO DE OLIVEIRA CAMARGO
A13: =DADOS!A$13 -> TERMO DE COLABORAÇÃO | D13: =DADOS!D13 -> 169/2024 | E13: =DADOS!E13 -> ADITAMENTO | F13: =DADOS!F13 -> 0
A16: PARCELA Nº | C16: 12
A17: DEMOSTRATICO DOS REPASSES PÚBLICOS RECEBIDOS
A18: ORIGEM DOS RECURSOS | C18: VALORES PREVISTOS - R$ | E18: DOC. DE CRÉDITO Nº | F18: DATA | G18: VALORES
G19: REPASSADOS -R$
A20: Municipal | D20: =DADOS!C23 -> 57819.7 | E20: 000001 | F20: 45741 | G20: 57819.7
F24: RECEITA COM APLICAÇÕES FINANCEIRAS DOS REPASSES PÚBLICOS
F25: SALDO DE RECURSOS PÚBLICOS NÃO APLICADOS
F26: TOTAL | G26: =SUM(G20:G25) -> 57819.7
F27: RECURSOS PROPRIOS APLICADOS PELA ENTIDADE
A28: Os signatários, na qualidade de representantes da Associação Beneficente Residencial Evangélico Benaiah, vem indicar,
A29: na forma abaixo detalhada, a aplicação dos recursos recebidos no exercício supramencionado, na importância total de
A30: =SUM(G20:G23) -> 57819.7 | B30: =DADOS!E37 -> (Cinquenta e sete mil, oitocentos e dezenove reais e noventa e seis centavos) acrescidos do saldo de recursos não
A31: aplicados, no valor de R$ | C31: {=G24:G25} -> 0 | D31: ( )
A32: DEMONSTRATIVO DAS DESPESAS REALIZADAS | C32: 0
A33: CATEGORIA OU FINALIDADE | D33: PERIODO DE | F33: ORIGEM DO | G33: VALORES
A34: DAS DESPESAS | D34: REALIZAÇÃO | F34: RECURSO | G34: APLICADOS
A35: RECURSOS HUMANOS | D35: =DADOS!B$23 -> março | F35: Municipal | G35: =G107 -> 57819.7
A36: MANUTENÇÃO - Utilidades públicas | D36: =DADOS!B$23 -> março | F36: Municipal | G36: =G115 -> 0
A37: MANUTENÇÃO - Gêneros alimentícios | D37: =DADOS!B$23 -> março | F37: Municipal | G37: =G128 -> 0
A38: MANUTENÇÃO - Mateirais de consumo | D38: =DADOS!B$23 -> março | F38: Municipal | G38: =G140 -> 0
A39: MANUTENÇÃO - Combustível | D39: =DADOS!B$23 -> março | F39: Municipal | G39: =G146 -> 0
A40: MANUTENÇÃO - Outras despesas | D40: =DADOS!B$23 -> março | F40: Municipal | G40: =G155 -> 0
A41: TOTAL DAS DESPESAS | G41: =SUM(G35:G40) -> 57819.7
A42: RECURSO PÚBLICO NÃO APLICADO | G42: =SUM(G20:G25)-G41 -> 0
A43: VALOR DEVOLVIDO AO ORGÃO CONCESSOR
A44: VALOR AUTORIZADO PARA APLICAÇÃO NO EXERCICIO SEGUINTE | G44: =G26-G41-G43 -> 0
A45: Declaramos, na qualidade de responsáveis pela Entidade supra epigrafada, sob as penalidades da Lei, que as despesas relacionadas, examinadas pelo Conselho Fiscal, comprovam a exata aplicação dos recursos recebidos para os fins indicados através da conta corrente 003/00004492-7, agência 0278, para finalidade específica, conforme programa de trabalho aprovado, proposto ao Órgão Concessor.
B47: Americana, | C47: 05 de maio de 2025.
A53: Membros do Conselho Fiscal
B57: =A4 -> DEMONSTRATIVO INTEGRAL DAS RECEITAS E DESPESAS
D58: =D5 -> EXERCÍCIO: | E58: =E5 -> 2025
A60: =A8 -> CONTRATANTE | D60: =D8 -> Prefeitura Municipal de Americana
A61: =A9 -> CONTRATADA | D61: =D9 -> Associação Beneficente Residencial Evangélico Benaiah
A62: =A10 -> CNPJ: | D62: =D10 -> 43.266.758/0001-89
A63: =A11 -> ENDEREÇO | D63: =D11 -> Rua Benaiah, 290 - Terramérica - Americana/SP – CEP 13.468-824
A64: =A12 -> RESPONSAVEL PELA ORGANIZAÇÃO | D64: =D12 -> HELIO DE OLIVEIRA CAMARGO
A65: =A13 -> TERMO DE COLABORAÇÃO | D65: =D13 -> 169/2024 | E65: =E13 -> ADITAMENTO | F65: =F13 -> 0
A66: PARCELA Nº | C66: =C16 -> 12
A67: RECURSOS HUMANOS (5) - Salários, encargos e benefícios
A68: DATA DO | C68: ESPECIFICAÇÃO DO | E68: NATUREZA DA DESPESA | G68: VALOR - R$
A69: DOCUMENTO | C69: DOCUMENTO | E69: RESUMIDAMENTE
A70: 45747 | C70: Holerite (parte) | E70: Ana Lucia F. dos Santos - Cozinheira | G70: 2662
A71: =A$70 -> 45747 | C71: Holerite (parte) | E71: Ana Maria C. T. Neves - Serviços Gerais
A72: =A$70 -> 45747 | C72: Holerite (parte) | E72: Andreia dos Santos Pina - Terapeuta Ocup. | G72: 2477
A73: =A$70 -> 45747 | C73: Holerite (parte) | E73: Beatriz A. dos Santos - Cozinheira
A74: =A$70 -> 45747 | C74: Holerite (parte) | E74: Bruna L. A. dos Santos - Serviços Gerais
A75: =A$70 -> 45747 | C75: Holerite (parte) | E75: Cleitom H.S> dos Santos - Cuidador
A76: =A$70 -> 45747 | C76: Holerite (parte) | E76: Daiany Renata Thomazini - Cuidadora | G76: 3441
A77: =A$70 -> 45747 | C77: Holerite (parte) | E77: Edmara Teles Martins - Serviços Gerais | G77: 15.7
A78: =A$70 -> 45747 | C78: Holerite (parte) | E78: Elenice T. F. da Silva - Serviços Gerais | G78: 2804
A79: =A$70 -> 45747 | C79: Holerite (parte) | E79: Enara C. de Campos Seco - Coordenadora
A80: =A$70 -> 45747 | C80: Holerite (parte) | E80: Fátima Mariellen Sobral Pereira - Cozinheira
A81: =A$70 -> 45747 | C81: Holerite (parte) | E81: Fernanda de O. Vieira - Analista Financeiro | G81: 4015
A82: =A$70 -> 45747 | C82: Holerite (parte) | E82: Janaina V. de O. Camargo - Nutricionista
A83: =A$70 -> 45747 | C83: Holerite (parte) | E83: Juliana M. da Silva Domingues - Cuidadora | G83: 3724
A84: =A$70 -> 45747 | C84: Holerite (parte) | E84: Junio de Sousa Carvalho - Cuidador | G84: 2002
A85: =A$70 -> 45747 | C85: Holerite (parte) | E85: Marcela Cristina Barbera - Psicologa | G85: 5217
A86: =A$70 -> 45747 | C86: Holerite (parte) | E86: Maria Ozeni F. Santos - Cozinheira | G86: 2673
A87: =A$70 -> 45747 | C87: Holerite (parte) | E87: Mariana S. Henriques - Enfermeira Padrão
A88: =A$70 -> 45747 | C88: Holerite (parte) | E88: Marileide L. Curvo - Aux. de Enfermagem | G88: 3564
A89: =A$70 -> 45747 | C89: Holerite (parte) | E89: Marina da Silva de Leão - Cuidadora | G89: 3236
A90: =A$70 -> 45747 | C90: Holerite (parte) | E90: Marta de Jesus Grigolete - Serviços Gerais | G90: 2977
A91: =A$70 -> 45747 | C91: Holerite (parte) | E91: Mirelli Samira Vaz - Cuidadora | G91: 3441
A92: =A$70 -> 45747 | C92: Holerite (parte) | E92: Odete M. de Souza - Aux. de Enfermagem | G92: 3441
A93: =A$70 -> 45747 | C93: Holerite (parte) | E93: Renata K. S. Domingues - Cuidadora | G93: 3398
A94: =A$70 -> 45747 | C94: Holerite (parte) | E94: Ronilda Cirino Tomaz - Cuidadora | G94: 3231
A95: =A$70 -> 45747 | C95: Holerite (parte) | E95: Rosana C. Valoto - Assistente Social
A96: =A$70 -> 45747 | C96: Holerite (parte) | E96: Rosimeire V. da S. Wiezel - Cuidadora
A97: =A$70 -> 45747 | C97: Holerite (parte) | E97: Silvana C. R. Santana - Cozinheira
A98: =A$70 -> 45747 | C98: Holerite (parte) | E98: Tamiris de Assis de Sá - Recepcionista
A99: =A$70 -> 45747 | C99: Holerite (parte) | E99: Tania Ap. Lucio - Serviços Gerais | G99: 2565
A100: =A$70 -> 45747 | C100: Holerite (parte) | E100: Vanusa M. S. Santos - Serviços Gerais | G100: 2936
C101: FGTS - Comp.
J106: =DADOS!D$23 -> 57819.7
F107: TOTAL RECURSOS HUMANOS | G107: =SUM(G70:G106) -> 57819.7 | H107: =IF(J107>J106*0.05,"DIMINUIR VALOR",IF(J107<-J106*0.05,"AUMENTAR VALOR","")) | J107: =G107-J106 -> 0
A108: MANUTENÇÃO: Uilidades públicas (7) - Energia Elétrica, água e esgoto, gás, telefone e internet
A109: DATA DO | C109: ESPECIFICAÇÃO DO | E109: NATUREZA DA DESPESA | G109: VALOR - R$
A110: DOCUMENTO | C110: DOCUMENTO | E110: RESUMIDAMENTE
J114: =DADOS!E$23 -> 0
F115: TOTAL UTILIDADES PÚBLICAS | G115: =SUM(G111:G114) -> 0 | H115: =IF(J115>J114*0.05,"DIMINUIR VALOR",IF(J115<-J114*0.05,"AUMENTAR VALOR","")) | J115: =G115-J114 -> 0
A116: MANUTENÇÃO: Gêneros alimentícios
A117: DATA DO | C117: ESPECIFICAÇÃO DO | E117: NATUREZA DA DESPESA | G117: VALOR - R$
A118: DOCUMENTO | C118: DOCUMENTO | E118: RESUMIDAMENTE
J127: =DADOS!F$23 -> 0
F128: TOTAL GÊNEROS ALIMENTICIOS | G128: =SUM(G119:G127) -> 0 | H128: =IF(J128>J127*0.05,"DIMINUIR VALOR",IF(J128<-J127*0.05,"AUMENTAR VALOR","")) | J128: =G128-J127 -> 0
A129: MANUTENÇÃO: Materiais de consumo
A130: DATA DO | C130: ESPECIFICAÇÃO DO | E130: NATUREZA DA DESPESA | G130: VALOR - R$
A131: DOCUMENTO | C131: DOCUMENTO | E131: RESUMIDAMENTE
J139: =DADOS!G$23 -> 0
F140: TOTAL MATERIAIS DE CONSUMO | G140: =SUM(G132:G139) -> 0 | H140: =IF(J140>J139*0.05,"DIMINUIR VALOR",IF(J140<-J139*0.05,"AUMENTAR VALOR","")) | J140: =G140-J139 -> 0
A141: MANUTENÇÃO: Combustível
A142: DATA DO | C142: ESPECIFICAÇÃO DO | E142: NATUREZA DA DESPESA | G142: VALOR - R$
...

Sheet Parcela 4
A4: DEMONSTRATIVO INTEGRAL DAS RECEITAS E DESPESAS
D5: =DADOS!A5 -> EXERCÍCIO: | E5: =DADOS!C5 -> 2025
A8: =DADOS!A$8 -> CONTRATANTE | D8: =DADOS!D$8 -> Prefeitura Municipal de Americana
A9: =DADOS!A$9 -> CONTRATADA | D9: =DADOS!D$9 -> Associação Beneficente Residencial Evangélico Benaiah
A10: =DADOS!A$14 -> CNPJ: | D10: =DADOS!B$14 -> 43.266.758/0001-89
A11: =DADOS!A$10 -> ENDEREÇO | D11: =DADOS!D$10 -> Rua Benaiah, 290 - Terramérica - Americana/SP – CEP 13.468-824
A12: =DADOS!A$11 -> RESPONSAVEL PELA ORGANIZAÇÃO | D12: =DADOS!D$11 -> HELIO DE OLIVEIRA CAMARGO
A13: =DADOS!A$13 -> TERMO DE COLABORAÇÃO | D13: =DADOS!D13 -> 169/2024 | E13: =DADOS!E13 -> ADITAMENTO | F13: =DADOS!F13 -> 0
A16: PARCELA Nº | C16: 4
A17: DEMOSTRATICO DOS REPASSES PÚBLICOS RECEBIDOS
A18: ORIGEM DOS RECURSOS | C18: VALORES PREVISTOS - R$ | E18: DOC. DE CRÉDITO Nº | F18: DATA | G18: VALORES
G19: REPASSADOS -R$
A20: Municipal | D20: =DADOS!C24 -> 0
F24: RECEITA COM APLICAÇÕES FINANCEIRAS DOS REPASSES PÚBLICOS
F25: SALDO DE RECURSOS PÚBLICOS NÃO APLICADOS
F26: TOTAL | G26: =SUM(G20:G25) -> 0
F27: RECURSOS PROPRIOS APLICADOS PELA ENTIDADE
A28: Os signatários, na qualidade de representantes da Associação Beneficente Residencial Evangélico Benaiah, vem indicar,
A29: na forma abaixo detalhada, a aplicação dos recursos recebidos no exercício supramencionado, na importância total de
A30: =SUM(G20:G23) -> 0 | B30: (oitenta mil, oitocentos e sessenta reais), acrescidos do saldo de recursos não aplicados
C31: no valor de R$ | D31: =G25 -> 0 | E31: ( reais)
A32: DEMONSTRATIVO DAS DESPESAS REALIZADAS
A33: CATEGORIA OU FINALIDADE | D33: PERIODO DE | F33: ORIGEM DO | G33: VALORES
A34: DAS DESPESAS | D34: REALIZAÇÃO | F34: RECURSO | G34: APLICADOS
A35: RECURSOS HUMANOS | D35: =DADOS!B$24 -> abril | F35: Municipal | G35: =G104 -> 0
A36: MANUTENÇÃO - Utilidades públicas | D36: =DADOS!B$23 -> março | F36: Municipal | G36: =G112 -> 0
A37: MANUTENÇÃO - Gêneros alimentícios | D37: =DADOS!B$23 -> março | F37: Municipal | G37: =G125 -> 0
A38: MANUTENÇÃO - Mateirais de consumo | D38: =DADOS!B$23 -> março | F38: Municipal | G38: =G137 -> 0
A39: MANUTENÇÃO - Combustível | D39: =DADOS!B$23 -> março | F39: Municipal | G39: =G143 -> 0
A40: MANUTENÇÃO - Outras despesas | D40: =DADOS!B$23 -> março | F40: Municipal | G40: =G152 -> 0
A41: TOTAL DAS DESPESAS | G41: =SUM(G35:G40) -> 0
A42: RECURSO PÚBLICO NÃO APLICADO | G42: =SUM(G20:G23)-G41 -> 0
A43: VALOR DEVOLVIDO AO ORGÃO CONCESSOR
A44: VALOR AUTORIZADO PARA APLICAÇÃO NO EXERCICIO SEGUINTE | G44: =G26-G41-G43 -> 0
A45: Declaramos, na qualidade de responsáveis pela Entidade supra epigrafada, sob as penalidades da Lei, que as despesas relacionadas, examinadas pelo Conselho Fiscal, comprovam a exata aplicação dos recursos recebidos para os fins indicados através da conta corrente 003/00004492-7, agência 0278, para finalidade específica, conforme programa de trabalho aprovado, proposto ao Órgão Concessor.
B47: Americana, | C47: 05 de maio de 2021.
A53: Membros do Conselho Fiscal
B57: =A4 -> DEMONSTRATIVO INTEGRAL DAS RECEITAS E DESPESAS
D58: =D5 -> EXERCÍCIO: | E58: =E5 -> 2025
A60: =A8 -> CONTRATANTE | D60: =D8 -> Prefeitura Municipal de Americana
A61: =A9 -> CONTRATADA | D61: =D9 -> Associação Beneficente Residencial Evangélico Benaiah
A62: =A10 -> CNPJ: | D62: =D10 -> 43.266.758/0001-89
A63: =A11 -> ENDEREÇO | D63: =D11 -> Rua Benaiah, 290 - Terramérica - Americana/SP – CEP 13.468-824
A64: =A12 -> RESPONSAVEL PELA ORGANIZAÇÃO | D64: =D12 -> HELIO DE OLIVEIRA CAMARGO
A65: =A13 -> TERMO DE COLABORAÇÃO | D65: =D13 -> 169/2024 | E65: =E13 -> ADITAMENTO | F65: =F13 -> 0
A66: PARCELA Nº | C66: =C16 -> 4
A67: RECURSOS HUMANOS (5) - Salários, encargos e benefícios
A68: DATA DO | C68: ESPECIFICAÇÃO DO | E68: NATUREZA DA DESPESA | G68: VALOR - R$
A69: DOCUMENTO | C69: DOCUMENTO | E69: RESUMIDAMENTE
C70: Holerite (parte) | E70: Aldenira Pereira Moraes - Cozinheira
C71: Holerite (parte) | E71: Ana Lucia F. dos Santos - Cozinheira
C72: Holerite (parte) | E72: Beatriz A. dos Santos - Cozinheira
C73: Holerite (parte) | E73: Daiany Renata Thomazini - Cuidadora
C74: Holerite (parte) | E74: Daniely Camargo Nunes - Cuidadora
C75: Holerite (parte) | E75: Deborah A. Silva - Aux. de Enfermagem
C76: Holerite (parte) | E76: Elenice T. F. da Silva - Serviços Gerais
C77: Holerite (parte) | E77: Enara C. de Campos Seco - Coordenadora
C78: Holerite (parte) | E78: Fernanda de O. Vieira - Assistente Financeiro
C79: Holerite (parte) | E79: Janaina V. de O. Camargo - Nutricionista
C80: Holerite (parte) | E80: Juliana M. da Silva Domingues - Cuidadora
C81: Holerite (parte) | E81: Junio de Sousa Carvalho - Cuidador
... C101: FGTS - Comp. 04/2021 | E101: Folha de pagamento - FGTS
J103: =DADOS!D$24 -> 0
F104: TOTAL RECURSOS HUMANOS | G104: =SUM(G70:G103) -> 0 | H104: =IF(J104>J103*0.05,"DIMINUIR VALOR",IF(J104<-J103*0.05,"AUMENTAR VALOR","")) | J104: =G104-J103 -> 0
A105: MANUTENÇÃO: Uilidades públicas (7) - Energia Elétrica, água e esgoto, gás, telefone e internet
A106: DATA DO | C106: ESPECIFICAÇÃO DO | E106: NATUREZA DA DESPESA | G106: VALOR - R$
A107: DOCUMENTO | C107: DOCUMENTO | E107: RESUMIDAMENTE
J111: =DADOS!E$23 -> 0
F112: TOTAL UTILIDADES PÚBLICAS | G112: =SUM(G108:G111) -> 0 | H112: =IF(J112>J111*0.05,"DIMINUIR VALOR",IF(J112<-J111*0.05,"AUMENTAR VALOR","")) | J112: =G112-J111 -> 0
A113: MANUTENÇÃO: Gêneros alimentícios
A114: DATA DO | C114: ESPECIFICAÇÃO DO | E114: NATUREZA DA DESPESA | G114: VALOR - R$
A115: DOCUMENTO | C115: DOCUMENTO | E115: RESUMIDAMENTE
J124: =DADOS!F$23 -> 0
F125: TOTAL GÊNEROS ALIMENTICIOS | G125: =SUM(G116:G124) -> 0 | H125: =IF(J125>J124*0.05,"DIMINUIR VALOR",IF(J125<-J124*0.05,"AUMENTAR VALOR","")) | J125: =G125-J124 -> 0
A126: MANUTENÇÃO: Materiais de consumo
A127: DATA DO | C127: ESPECIFICAÇÃO DO | E127: NATUREZA DA DESPESA | G127: VALOR - R$
A128: DOCUMENTO | C128: DOCUMENTO | E128: RESUMIDAMENTE
J136: =DADOS!G$23 -> 0
F137: TOTAL MATERIAIS DE CONSUMO | G137: =SUM(G129:G136) -> 0 | H137: =IF(J137>J136*0.05,"DIMINUIR VALOR",IF(J137<-J136*0.05,"AUMENTAR VALOR","")) | J137: =G137-J136 -> 0
A138: MANUTENÇÃO: Combustível
A139: DATA DO | C139: ESPECIFICAÇÃO DO | E139: NATUREZA DA DESPESA | G139: VALOR - R$
A140: DOCUMENTO | C140: DOCUMENTO | E140: RESUMIDAMENTE
F143: TOTAL COMBUSTIVEL | G143: =SUM(G141:G142) -> 0
A144: MANUTENÇÃO: Outras despesas
A145: DATA DO | C145: ESPECIFICAÇÃO DO | E145: NATUREZA DA DESPESA | G145: VALOR - R$
A146: DOCUMENTO | C146: DOCUMENTO | E146: RESUMIDAMENTE
J149: =DADOS!I$23 -> 0
H150: =IF(J150>J149*0.05,"DIMINUIR VALOR",IF(J150<-J149*0.05,"AUMENTAR VALOR","")) | J150: =G152-J149 -> 0
F152: TOTAL OUTRAS DESPESAS | G152: =SUM(G147:G151) -> 0 | J152: =DADOS!J$23 -> 0
F153: TOTAL MANUTENÇÃO | G153: =SUM(G152+G143+G137+G125+G112) -> 0 | H153: =IF(J153>J152*0.05,"DIMINUIR VALOR",IF(J153<-J152*0.05,"AUMENTAR VALOR","")) | J153: =G153-J152 -> 0
F154: TOTAL GERAL | G154: =SUM(G153+G104) -> 0 | H154: =IF(G154>J154,"DIMINUIR VALOR",IF(G154<J154,"AUMENTAR VALOR","")) | J154: =J103+J152 -> 0
A155: Declaramos que os valores acima conferem com o Demonstrativo Integral das Receitas e Despesas do Exercício, elaborado nos moldes das Instruções vigentes do Tribunal de Contas do Estado de São Paulo.
B156: Americana, | C156: =C47 -> 05 de maio de 2021.
A171: Declaração
A174: Declaramos, para os devidos fins, que os comprovantes de despesas constantes na Prestação de Contas da
A175: parcela abaixo, estão devidamente quitados:
A176: =C16 -> 4 | B176: ª parcela do | C176: =A13 -> TERMO DE COLABORAÇÃO | E176: =D13 -> 169/2024 | F176: =E13 -> ADITAMENTO | G176: =F13 -> 0
B178: Americana, | C178: =C47 -> 05 de maio de 2021.

Sheet Parcela 5
A4: DEMONSTRATIVO INTEGRAL DAS RECEITAS E DESPESAS
D5: =DADOS!A5 -> EXERCÍCIO: | E5: =DADOS!C5 -> 2025
A8: =DADOS!A$8 -> CONTRATANTE | D8: =DADOS!D$8 -> Prefeitura Municipal de Americana
A9: =DADOS!A$9 -> CONTRATADA | D9: =DADOS!D$9 -> Associação Beneficente Residencial Evangélico Benaiah
A10: =DADOS!A$14 -> CNPJ: | D10: =DADOS!B$14 -> 43.266.758/0001-89
A11: =DADOS!A$10 -> ENDEREÇO | D11: =DADOS!D$10 -> Rua Benaiah, 290 - Terramérica - Americana/SP – CEP 13.468-824
A12: =DADOS!A$11 -> RESPONSAVEL PELA ORGANIZAÇÃO | D12: =DADOS!D$11 -> HELIO DE OLIVEIRA CAMARGO
A13: =DADOS!A$13 -> TERMO DE COLABORAÇÃO | D13: =DADOS!D13 -> 169/2024 | E13: =DADOS!E13 -> ADITAMENTO | F13: =DADOS!F13 -> 0
A16: PARCELA Nº | C16: 5
A17: DEMOSTRATICO DOS REPASSES PÚBLICOS RECEBIDOS
A18: ORIGEM DOS RECURSOS | C18: VALORES PREVISTOS - R$ | E18: DOC. DE CRÉDITO Nº | F18: DATA | G18: VALORES
G19: REPASSADOS -R$
A20: Municipal | D20: =DADOS!C25 -> 0
F24: RECEITA COM APLICAÇÕES FINANCEIRAS DOS REPASSES PÚBLICOS
F25: SALDO DE RECURSOS PÚBLICOS NÃO APLICADOS
F26: TOTAL | G26: =SUM(G20:G25) -> 0
F27: RECURSOS PROPRIOS APLICADOS PELA ENTIDADE
A28: Os signatários, na qualidade de representantes da Associação Beneficente Residencial Evangélico Benaiah, vem indicar,
A29: na forma abaixo detalhada, a aplicação dos recursos recebidos no exercício supramencionado, na importância total de
A30: =SUM(G20:G23) -> 0 | B30: (oitenta mil, oitocentos e sessenta reais), acrescidos do saldo de recursos não aplicados
C31: no valor de R$ | D31: =G25 -> 0 | E31: ( reais)
A32: DEMONSTRATIVO DAS DESPESAS REALIZADAS
A33: CATEGORIA OU FINALIDADE | D33: PERIODO DE | F33: ORIGEM DO | G33: VALORES
A34: DAS DESPESAS | D34: REALIZAÇÃO | F34: RECURSO | G34: APLICADOS
A35: RECURSOS HUMANOS | D35: =DADOS!B$25 -> maio | F35: Municipal | G35: =G104 -> 0
A36: MANUTENÇÃO - Utilidades públicas | D36: =DADOS!B$25 -> maio | F36: Municipal | G36: =G112 -> 0
A37: MANUTENÇÃO - Gêneros alimentícios | D37: =DADOS!B$25 -> maio | F37: Municipal | G37: =G125 -> 0
A38: MANUTENÇÃO - Mateirais de consumo | D38: =DADOS!B$25 -> maio | F38: Municipal | G38: =G137 -> 0
A39: MANUTENÇÃO - Combustível | D39: =DADOS!B$25 -> maio | F39: Municipal | G39: =G143 -> 0
A40: MANUTENÇÃO - Outras despesas | D40: =DADOS!B$25 -> maio | F40: Municipal | G40: =G152 -> 0
A41: TOTAL DAS DESPESAS | G41: =SUM(G35:G40) -> 0
A42: RECURSO PÚBLICO NÃO APLICADO | G42: =SUM(G20:G23)-G41 -> 0
A43: VALOR DEVOLVIDO AO ORGÃO CONCESSOR
A44: VALOR AUTORIZADO PARA APLICAÇÃO NO EXERCICIO SEGUINTE | G44: =G26-G41-G43 -> 0
A45: Declaramos, na qualidade de responsáveis pela Entidade supra epigrafada, sob as penalidades da Lei, que as despesas relacionadas, examinadas pelo Conselho Fiscal, comprovam a exata aplicação dos recursos recebidos para os fins indicados através da conta corrente 003/00004492-7, agência 0278, para finalidade específica, conforme programa de trabalho aprovado, proposto ao Órgão Concessor.
B47: Americana, | C47: 02 de junho de 2021.
A53: Membros do Conselho Fiscal
B57: =A4 -> DEMONSTRATIVO INTEGRAL DAS RECEITAS E DESPESAS
D58: =D5 -> EXERCÍCIO: | E58: =E5 -> 2025
A60: =A8 -> CONTRATANTE | D60: =D8 -> Prefeitura Municipal de Americana
A61: =A9 -> CONTRATADA | D61: =D9 -> Associação Beneficente Residencial Evangélico Benaiah
A62: =A10 -> CNPJ: | D62: =D10 -> 43.266.758/0001-89
A63: =A11 -> ENDEREÇO | D63: =D11 -> Rua Benaiah, 290 - Terramérica - Americana/SP – CEP 13.468-824
A64: =A12 -> RESPONSAVEL PELA ORGANIZAÇÃO | D64: =D12 -> HELIO DE OLIVEIRA CAMARGO
A65: =A13 -> TERMO DE COLABORAÇÃO | D65: =D13 -> 169/2024 | E65: =E13 -> ADITAMENTO | F65: =F13 -> 0
A66: PARCELA Nº | C66: =C16 -> 5
A67: RECURSOS HUMANOS (5) - Salários, encargos e benefícios
A68: DATA DO | C68: ESPECIFICAÇÃO DO | E68: NATUREZA DA DESPESA | G68: VALOR - R$
A69: DOCUMENTO | C69: DOCUMENTO | E69: RESUMIDAMENTE
C70: Holerite (parte) | E70: Aldenira Pereira Moraes - Cozinheira
C71: Holerite (parte) | E71: Ana Lucia F. dos Santos - Cozinheira
C72: Holerite (parte) | E72: Andreia dos Santos Pina - Terapeuta Ocup.
C73: Holerite (parte) | E73: Beatriz A. dos Santos - Cozinheira
C74: Holerite (parte) | E74: Daiany Renata Thomazini - Cuidadora
C75: Holerite (parte) | E75: Daniely Camargo Nunes - Cuidadora
C76: Holerite (parte) | E76: Deborah A. Silva - Aux. de Enfermagem
C77: Holerite (parte) | E77: Elenice T. F. da Silva - Serviços Gerais
C78: Holerite (parte) | E78: Enara C. de Campos Seco - Coordenadora
C79: Holerite (parte) | E79: Fernanda de O. Vieira - Assistente Financeiro
C80: Holerite (parte) | E80: Janaina V. de O. Camargo - Nutricionista
C81: Holerite (parte) | E81: Juliana M. da Silva Domingues - Cuidadora
... C102: Holerite (parte)- salário férias | E102: Tania Ap. Lucio - Serviços Gerais
C103: FGTS - Comp. 05/2021(parte) | E103: Folha de pagamento - FGTS | J103: =DADOS!D$25 -> 0
F104: TOTAL RECURSOS HUMANOS | G104: =SUM(G70:G103) -> 0 | H104: =IF(J104>J103*0.05,"DIMINUIR VALOR",IF(J104<-J103*0.05,"AUMENTAR VALOR","")) | J104: =G104-J103 -> 0
A105: MANUTENÇÃO: Uilidades públicas (7) - Energia Elétrica, água e esgoto, gás, telefone e internet
A106: DATA DO | C106: ESPECIFICAÇÃO DO | E106: NATUREZA DA DESPESA | G106: VALOR - R$
A107: DOCUMENTO | C107: DOCUMENTO | E107: RESUMIDAMENTE
J111: =DADOS!E$25 -> 0
F112: TOTAL UTILIDADES PÚBLICAS | G112: =SUM(G108:G111) -> 0 | H112: =IF(J112>J111*0.05,"DIMINUIR VALOR",IF(J112<-J111*0.05,"AUMENTAR VALOR","")) | J112: =G112-J111 -> 0
A113: MANUTENÇÃO: Gêneros alimentícios
A114: DATA DO | C114: ESPECIFICAÇÃO DO | E114: NATUREZA DA DESPESA | G114: VALOR - R$
A115: DOCUMENTO | C115: DOCUMENTO | E115: RESUMIDAMENTE
J124: =DADOS!F$25 -> 0
F125: TOTAL GÊNEROS ALIMENTICIOS | G125: =SUM(G116:G124) -> 0 | H125: =IF(J125>J124*0.05,"DIMINUIR VALOR",IF(J125<-J124*0.05,"AUMENTAR VALOR","")) | J125: =G125-J124 -> 0
A126: MANUTENÇÃO: Materiais de consumo
A127: DATA DO | C127: ESPECIFICAÇÃO DO | E127: NATUREZA DA DESPESA | G127: VALOR - R$
A128: DOCUMENTO | C128: DOCUMENTO | E128: RESUMIDAMENTE
J136: =DADOS!G$25 -> 0
F137: TOTAL MATERIAIS DE CONSUMO | G137: =SUM(G129:G136) -> 0 | H137: =IF(J137>J136*0.05,"DIMINUIR VALOR",IF(J137<-J136*0.05,"AUMENTAR VALOR","")) | J137: =G137-J136 -> 0
A138: MANUTENÇÃO: Combustível
A139: DATA DO | C139: ESPECIFICAÇÃO DO | E139: NATUREZA DA DESPESA | G139: VALOR - R$
A140: DOCUMENTO | C140: DOCUMENTO | E140: RESUMIDAMENTE
F143: TOTAL COMBUSTIVEL | G143: =SUM(G141:G142) -> 0
A144: MANUTENÇÃO: Outras despesas
A145: DATA DO | C145: ESPECIFICAÇÃO DO | E145: NATUREZA DA DESPESA | G145: VALOR - R$
A146: DOCUMENTO | C146: DOCUMENTO | E146: RESUMIDAMENTE
J149: =DADOS!I$25 -> 0
H150: =IF(J150>J149*0.05,"DIMINUIR VALOR",IF(J150<-J149*0.05,"AUMENTAR VALOR","")) | J150: =G152-J149 -> 0
F152: TOTAL OUTRAS DESPESAS | G152: =SUM(G147:G151) -> 0 | J152: =DADOS!J$25 -> 0
F153: TOTAL MANUTENÇÃO | G153: =SUM(G152+G143+G137+G125+G112) -> 0 | H153: =IF(J153>J152*0.05,"DIMINUIR VALOR",IF(J153<-J152*0.05,"AUMENTAR VALOR","")) | J153: =G153-J152 -> 0
F154: TOTAL GERAL | G154: =SUM(G153+G104) -> 0 | H154: =IF(G154>J154,"DIMINUIR VALOR",IF(G154<J154,"AUMENTAR VALOR","")) | J154: =J103+J152 -> 0
A155: Declaramos que os valores acima conferem com o Demonstrativo Integral das Receitas e Despesas do Exercício, elaborado nos moldes das Instruções vigentes do Tribunal de Contas do Estado de São Paulo.
B156: Americana, | C156: =C47 -> 02 de junho de 2021.
A171: Declaração
A174: Declaramos, para os devidos fins, que os comprovantes de despesas constantes na Prestação de Contas da
A175: parcela abaixo, estão devidamente quitados:
A176: =C16 -> 5 | B176: ª parcela do | C176: =A13 -> TERMO DE COLABORAÇÃO | E176: =D13 -> 169/2024 | F176: =E13 -> ADITAMENTO | G176: =F13 -> 0
B178: Americana, | C178: =C47 -> 02 de junho de 2021.

Sheet Parcela 6
A4: DEMONSTRATIVO INTEGRAL DAS RECEITAS E DESPESAS
D5: =DADOS!A5 -> EXERCÍCIO: | E5: =DADOS!C5 -> 2025
A8: =DADOS!A$8 -> CONTRATANTE | D8: =DADOS!D$8 -> Prefeitura Municipal de Americana
A9: =DADOS!A$9 -> CONTRATADA | D9: =DADOS!D$9 -> Associação Beneficente Residencial Evangélico Benaiah
A10: =DADOS!A$14 -> CNPJ: | D10: =DADOS!B$14 -> 43.266.758/0001-89
A11: =DADOS!A$10 -> ENDEREÇO | D11: =DADOS!D$10 -> Rua Benaiah, 290 - Terramérica - Americana/SP – CEP 13.468-824
A12: =DADOS!A$11 -> RESPONSAVEL PELA ORGANIZAÇÃO | D12: =DADOS!D$11 -> HELIO DE OLIVEIRA CAMARGO
A13: =DADOS!A$13 -> TERMO DE COLABORAÇÃO | D13: =DADOS!D13 -> 169/2024 | E13: =DADOS!E13 -> ADITAMENTO | F13: =DADOS!F13 -> 0
A16: PARCELA Nº | C16: 6
A17: DEMOSTRATICO DOS REPASSES PÚBLICOS RECEBIDOS
A18: ORIGEM DOS RECURSOS | C18: VALORES PREVISTOS - R$ | E18: DOC. DE CRÉDITO Nº | F18: DATA | G18: VALORES
G19: REPASSADOS -R$
A20: Municipal | D20: =DADOS!C26 -> 0
F24: RECEITA COM APLICAÇÕES FINANCEIRAS DOS REPASSES PÚBLICOS
F25: SALDO DE RECURSOS PÚBLICOS NÃO APLICADOS
F26: TOTAL | G26: =SUM(G20:G25) -> 0
F27: RECURSOS PROPRIOS APLICADOS PELA ENTIDADE
A28: Os signatários, na qualidade de representantes da Associação Beneficente Residencial Evangélico Benaiah, vem indicar,
A29: na forma abaixo detalhada, a aplicação dos recursos recebidos no exercício supramencionado, na importância total de
A30: =SUM(G20:G23) -> 0 | B30: (oitenta mil, oitocentos e sessenta reais), acrescidos do saldo de recursos não aplicados
C31: no valor de R$ | D31: =G25 -> 0 | E31: ( reais)
A32: DEMONSTRATIVO DAS DESPESAS REALIZADAS
A33: CATEGORIA OU FINALIDADE | D33: PERIODO DE | F33: ORIGEM DO | G33: VALORES
A34: DAS DESPESAS | D34: REALIZAÇÃO | F34: RECURSO | G34: APLICADOS
A35: RECURSOS HUMANOS | D35: =DADOS!B$26 -> junho | F35: Municipal | G35: =G104 -> 0
A36: MANUTENÇÃO - Utilidades públicas | D36: =DADOS!B$26 -> junho | F36: Municipal | G36: =G112 -> 0
A37: MANUTENÇÃO - Gêneros alimentícios | D37: =DADOS!B$26 -> junho | F37: Municipal | G37: =G125 -> 0
A38: MANUTENÇÃO - Mateirais de consumo | D38: =DADOS!B$26 -> junho | F38: Municipal | G38: =G137 -> 0
A39: MANUTENÇÃO - Combustível | D39: =DADOS!B$26 -> junho | F39: Municipal | G39: =G143 -> 0
A40: MANUTENÇÃO - Outras despesas | D40: =DADOS!B$26 -> junho | F40: Municipal | G40: =G152 -> 0
A41: TOTAL DAS DESPESAS | G41: =SUM(G35:G40) -> 0
A42: RECURSO PÚBLICO NÃO APLICADO | G42: =SUM(G20:G23)-G41 -> 0
A43: VALOR DEVOLVIDO AO ORGÃO CONCESSOR
A44: VALOR AUTORIZADO PARA APLICAÇÃO NO EXERCICIO SEGUINTE | G44: =G26-G41-G43 -> 0
A45: Declaramos, na qualidade de responsáveis pela Entidade supra epigrafada, sob as penalidades da Lei, que as despesas relacionadas, examinadas pelo Conselho Fiscal, comprovam a exata aplicação dos recursos recebidos para os fins indicados através da conta corrente 003/00004492-7, agência 0278, para finalidade específica, conforme programa de trabalho aprovado, proposto ao Órgão Concessor.
B47: Americana, | C47: 02 de julho de 2021.
A53: Membros do Conselho Fiscal
B57: =A4 -> DEMONSTRATIVO INTEGRAL DAS RECEITAS E DESPESAS
D58: =D5 -> EXERCÍCIO: | E58: =E5 -> 2025
A60: =A8 -> CONTRATANTE | D60: =D8 -> Prefeitura Municipal de Americana
A61: =A9 -> CONTRATADA | D61: =D9 -> Associação Beneficente Residencial Evangélico Benaiah
A62: =A10 -> CNPJ: | D62: =D10 -> 43.266.758/0001-89
A63: =A11 -> ENDEREÇO | D63: =D11 -> Rua Benaiah, 290 - Terramérica - Americana/SP – CEP 13.468-824
A64: =A12 -> RESPONSAVEL PELA ORGANIZAÇÃO | D64: =D12 -> HELIO DE OLIVEIRA CAMARGO
A65: =A13 -> TERMO DE COLABORAÇÃO | D65: =D13 -> 169/2024 | E65: =E13 -> ADITAMENTO | F65: =F13 -> 0
A66: PARCELA Nº | C66: =C16 -> 6
A67: RECURSOS HUMANOS (5) - Salários, encargos e benefícios
A68: DATA DO | C68: ESPECIFICAÇÃO DO | E68: NATUREZA DA DESPESA | G68: VALOR - R$
A69: DOCUMENTO | C69: DOCUMENTO | E69: RESUMIDAMENTE
C70: Holerite (parte) | E70: Aldenira Pereira Moraes - Cozinheira
C71: Holerite (parte) | E71: Ana Lucia F. dos Santos - Cozinheira
C72: Holerite (parte) | E72: Andreia dos Santos Pina - Terapeuta Ocup.
C73: Holerite (parte) | E73: Beatriz A. dos Santos - Cozinheira
C74: Holerite (parte) | E74: Daiany Renata Thomazini - Cuidadora
C75: Holerite (parte) | E75: Daniely Camargo Nunes - Cuidadora
C76: Holerite (parte) | E76: Deborah A. Silva - Aux. de Enfermagem
C77: Holerite (parte) | E77: Elenice T. F. da Silva - Serviços Gerais
C78: Holerite (parte) | E78: Enara C. de Campos Seco - Coordenadora
C79: Holerite (parte) | E79: Fernanda de O. Vieira - Assistente Financeiro
C80: Holerite (parte) | E80: Janaina V. de O. Camargo - Nutricionista
C81: Holerite (parte) | E81: Juliana M. da Silva Domingues - Cuidadora
... C102: Holerite (parte)-salário férias | E102: Daiany Renata Thomazini - Cuidadora
C103: Holerite (parte) | E103: Bruna L. A. dos Santos - Serviços Gerais | J103: =DADOS!D$26 -> 0
F104: TOTAL RECURSOS HUMANOS | G104: =SUM(G70:G103) -> 0 | H104: =IF(J104>J103*0.05,"DIMINUIR VALOR",IF(J104<-J103*0.05,"AUMENTAR VALOR","")) | J104: =G104-J103 -> 0
A105: MANUTENÇÃO: Uilidades públicas (7) - Energia Elétrica, água e esgoto, gás, telefone e internet
A106: DATA DO | C106: ESPECIFICAÇÃO DO | E106: NATUREZA DA DESPESA | G106: VALOR - R$
A107: DOCUMENTO | C107: DOCUMENTO | E107: RESUMIDAMENTE
J111: =DADOS!E$26 -> 0
F112: TOTAL UTILIDADES PÚBLICAS | G112: =SUM(G108:G111) -> 0 | H112: =IF(J112>J111*0.05,"DIMINUIR VALOR",IF(J112<-J111*0.05,"AUMENTAR VALOR","")) | J112: =G112-J111 -> 0
A113: MANUTENÇÃO: Gêneros alimentícios
A114: DATA DO | C114: ESPECIFICAÇÃO DO | E114: NATUREZA DA DESPESA | G114: VALOR - R$
A115: DOCUMENTO | C115: DOCUMENTO | E115: RESUMIDAMENTE
J124: =DADOS!F$26 -> 0
F125: TOTAL GÊNEROS ALIMENTICIOS | G125: =SUM(G116:G124) -> 0 | H125: =IF(J125>J124*0.05,"DIMINUIR VALOR",IF(J125<-J124*0.05,"AUMENTAR VALOR","")) | J125: =G125-J124 -> 0
A126: MANUTENÇÃO: Materiais de consumo
A127: DATA DO | C127: ESPECIFICAÇÃO DO | E127: NATUREZA DA DESPESA | G127: VALOR - R$
A128: DOCUMENTO | C128: DOCUMENTO | E128: RESUMIDAMENTE
J136: =DADOS!G$26 -> 0
F137: TOTAL MATERIAIS DE CONSUMO | G137: =SUM(G129:G136) -> 0 | H137: =IF(J137>J136*0.05,"DIMINUIR VALOR",IF(J137<-J136*0.05,"AUMENTAR VALOR","")) | J137: =G137-J136 -> 0
A138: MANUTENÇÃO: Combustível
A139: DATA DO | C139: ESPECIFICAÇÃO DO | E139: NATUREZA DA DESPESA | G139: VALOR - R$
A140: DOCUMENTO | C140: DOCUMENTO | E140: RESUMIDAMENTE
F143: TOTAL COMBUSTIVEL | G143: =SUM(G141:G142) -> 0
A144: MANUTENÇÃO: Outras despesas
A145: DATA DO | C145: ESPECIFICAÇÃO DO | E145: NATUREZA DA DESPESA | G145: VALOR - R$
A146: DOCUMENTO | C146: DOCUMENTO | E146: RESUMIDAMENTE
J149: =DADOS!I$26 -> 0
H150: =IF(J150>J149*0.05,"DIMINUIR VALOR",IF(J150<-J149*0.05,"AUMENTAR VALOR","")) | J150: =G152-J149 -> 0
F152: TOTAL OUTRAS DESPESAS | G152: =SUM(G147:G151) -> 0 | J152: =DADOS!J$26 -> 0
F153: TOTAL MANUTENÇÃO | G153: =SUM(G152+G143+G137+G125+G112) -> 0 | H153: =IF(J153>J152*0.05,"DIMINUIR VALOR",IF(J153<-J152*0.05,"AUMENTAR VALOR","")) | J153: =G153-J152 -> 0
F154: TOTAL GERAL | G154: =SUM(G153+G104) -> 0 | H154: =IF(G154>J154,"DIMINUIR VALOR",IF(G154<J154,"AUMENTAR VALOR","")) | J154: =J103+J152 -> 0
A155: Declaramos que os valores acima conferem com o Demonstrativo Integral das Receitas e Despesas do Exercício, elaborado nos moldes das Instruções vigentes do Tribunal de Contas do Estado de São Paulo.
B156: Americana, | C156: =C47 -> 02 de julho de 2021.
A171: Declaração
A174: Declaramos, para os devidos fins, que os comprovantes de despesas constantes na Prestação de Contas da
A175: parcela abaixo, estão devidamente quitados:
A176: =C16 -> 6 | B176: ª parcela do | C176: =A13 -> TERMO DE COLABORAÇÃO | E176: =D13 -> 169/2024 | F176: =E13 -> ADITAMENTO | G176: =F13 -> 0
B178: Americana, | C178: =C47 -> 02 de julho de 2021.

Sheet Parcela 7
A4: DEMONSTRATIVO INTEGRAL DAS RECEITAS E DESPESAS
D5: =DADOS!A5 -> EXERCÍCIO: | E5: =DADOS!C5 -> 2025
A8: =DADOS!A$8 -> CONTRATANTE | D8: =DADOS!D$8 -> Prefeitura Municipal de Americana
A9: =DADOS!A$9 -> CONTRATADA | D9: =DADOS!D$9 -> Associação Beneficente Residencial Evangélico Benaiah
A10: =DADOS!A$14 -> CNPJ: | D10: =DADOS!B$14 -> 43.266.758/0001-89
A11: =DADOS!A$10 -> ENDEREÇO | D11: =DADOS!D$10 -> Rua Benaiah, 290 - Terramérica - Americana/SP – CEP 13.468-824
A12: =DADOS!A$11 -> RESPONSAVEL PELA ORGANIZAÇÃO | D12: =DADOS!D$11 -> HELIO DE OLIVEIRA CAMARGO
A13: =DADOS!A$13 -> TERMO DE COLABORAÇÃO | D13: =DADOS!D13 -> 169/2024 | E13: =DADOS!E13 -> ADITAMENTO | F13: =DADOS!F13 -> 0
A16: PARCELA Nº | C16: 7
A17: DEMOSTRATICO DOS REPASSES PÚBLICOS RECEBIDOS
A18: ORIGEM DOS RECURSOS | C18: VALORES PREVISTOS - R$ | E18: DOC. DE CRÉDITO Nº | F18: DATA | G18: VALORES
G19: REPASSADOS -R$
A20: Municipal | D20: =DADOS!C27 -> 0
F24: RECEITA COM APLICAÇÕES FINANCEIRAS DOS REPASSES PÚBLICOS
F25: SALDO DE RECURSOS PÚBLICOS NÃO APLICADOS
F26: TOTAL | G26: =SUM(G20:G25) -> 0
F27: RECURSOS PROPRIOS APLICADOS PELA ENTIDADE
A28: Os signatários, na qualidade de representantes da Associação Beneficente Residencial Evangélico Benaiah, vem indicar,
A29: na forma abaixo detalhada, a aplicação dos recursos recebidos no exercício supramencionado, na importância total de
A30: =SUM(G20:G23) -> 0 | B30: (oitenta mil, oitocentos e sessenta reais), acrescidos do saldo de recursos não aplicados
C31: no valor de R$ | D31: =G25 -> 0 | E31: ( reais)
A32: DEMONSTRATIVO DAS DESPESAS REALIZADAS
A33: CATEGORIA OU FINALIDADE | D33: PERIODO DE | F33: ORIGEM DO | G33: VALORES
A34: DAS DESPESAS | D34: REALIZAÇÃO | F34: RECURSO | G34: APLICADOS
A35: RECURSOS HUMANOS | D35: =DADOS!B$27 -> julho | F35: Municipal | G35: =G104 -> 0
A36: MANUTENÇÃO - Utilidades públicas | D36: =DADOS!B$27 -> julho | F36: Municipal | G36: =G112 -> 0
A37: MANUTENÇÃO - Gêneros alimentícios | D37: =DADOS!B$27 -> julho | F37: Municipal | G37: =G125 -> 0
A38: MANUTENÇÃO - Mateirais de consumo | D38: =DADOS!B$27 -> julho | F38: Municipal | G38: =G137 -> 0
A39: MANUTENÇÃO - Combustível | D39: =DADOS!B$27 -> julho | F39: Municipal | G39: =G143 -> 0
A40: MANUTENÇÃO - Outras despesas | D40: =DADOS!B$27 -> julho | F40: Municipal | G40: =G152 -> 0
A41: TOTAL DAS DESPESAS | G41: =SUM(G35:G40) -> 0
A42: RECURSO PÚBLICO NÃO APLICADO | G42: =SUM(G20:G23)-G41 -> 0
A43: VALOR DEVOLVIDO AO ORGÃO CONCESSOR
A44: VALOR AUTORIZADO PARA APLICAÇÃO NO EXERCICIO SEGUINTE | G44: =G26-G41-G43 -> 0
A45: Declaramos, na qualidade de responsáveis pela Entidade supra epigrafada, sob as penalidades da Lei, que as despesas relacionadas, examinadas pelo Conselho Fiscal, comprovam a exata aplicação dos recursos recebidos para os fins indicados através da conta corrente 003/00004492-7, agência 0278, para finalidade específica, conforme programa de trabalho aprovado, proposto ao Órgão Concessor.
B47: Americana, | C47: 12 de agosto de 2021.
A53: Membros do Conselho Fiscal
B57: =A4 -> DEMONSTRATIVO INTEGRAL DAS RECEITAS E DESPESAS
D58: =D5 -> EXERCÍCIO: | E58: =E5 -> 2025
A60: =A8 -> CONTRATANTE | D60: =D8 -> Prefeitura Municipal de Americana
A61: =A9 -> CONTRATADA | D61: =D9 -> Associação Beneficente Residencial Evangélico Benaiah
A62: =A10 -> CNPJ: | D62: =D10 -> 43.266.758/0001-89
A63: =A11 -> ENDEREÇO | D63: =D11 -> Rua Benaiah, 290 - Terramérica - Americana/SP – CEP 13.468-824
A64: =A12 -> RESPONSAVEL PELA ORGANIZAÇÃO | D64: =D12 -> HELIO DE OLIVEIRA CAMARGO
A65: =A13 -> TERMO DE COLABORAÇÃO | D65: =D13 -> 169/2024 | E65: =E13 -> ADITAMENTO | F65: =F13 -> 0
A66: PARCELA Nº | C66: =C16 -> 7
A67: RECURSOS HUMANOS (5) - Salários, encargos e benefícios
A68: DATA DO | C68: ESPECIFICAÇÃO DO | E68: NATUREZA DA DESPESA | G68: VALOR - R$
A69: DOCUMENTO | C69: DOCUMENTO | E69: RESUMIDAMENTE
C70: Holerite (parte) | E70: Aldenira Pereira Moraes - Cozinheira
C71: Holerite (parte) | E71: Ana Lucia F. dos Santos - Cozinheira
C72: Holerite (parte) | E72: Andreia dos Santos Pina - Terapeuta Ocup.
C73: Holerite (parte) | E73: Beatriz A. dos Santos - Cozinheira
C74: Holerite (parte) | E74: Daiany Renata Thomazini - Cuidadora
C75: Holerite (parte) | E75: Daniely Camargo Nunes - Cuidadora
C76: Holerite (parte) | E76: Deborah A. Silva - Aux. de Enfermagem
C77: Holerite (parte) | E77: Elenice T. F. da Silva - Serviços Gerais
C78: Holerite (parte) | E78: Enara C. de Campos Seco - Coordenadora
C79: Holerite (parte) | E79: Fernanda de O. Vieira - Assistente Financeiro
C80: Holerite (parte) | E80: Janaina V. de O. Camargo - Nutricionista
C81: Holerite (parte) | E81: Juliana M. da Silva Domingues - Cuidadora
... C102: Holerite (parte)-Salário férias | E102: Marina da Silva de Leão - Cuidadora
C103: Holerite (parte)-Salário férias | E103: Mariana S. Henriques - Enfermeira Padrão | J103: =DADOS!D$27 -> 0
F104: TOTAL RECURSOS HUMANOS | G104: =SUM(G70:G103) -> 0 | H104: =IF(J104>J103*0.05,"DIMINUIR VALOR",IF(J104<-J103*0.05,"AUMENTAR VALOR","")) | J104: =G104-J103 -> 0
A105: MANUTENÇÃO: Uilidades públicas (7) - Energia Elétrica, água e esgoto, gás, telefone e internet
A106: DATA DO | C106: ESPECIFICAÇÃO DO | E106: NATUREZA DA DESPESA | G106: VALOR - R$
A107: DOCUMENTO | C107: DOCUMENTO | E107: RESUMIDAMENTE
J111: =DADOS!E$27 -> 0
F112: TOTAL UTILIDADES PÚBLICAS | G112: =SUM(G108:G111) -> 0 | H112: =IF(J112>J111*0.05,"DIMINUIR VALOR",IF(J112<-J111*0.05,"AUMENTAR VALOR","")) | J112: =G112-J111 -> 0
A113: MANUTENÇÃO: Gêneros alimentícios
A114: DATA DO | C114: ESPECIFICAÇÃO DO | E114: NATUREZA DA DESPESA | G114: VALOR - R$
A115: DOCUMENTO | C115: DOCUMENTO | E115: RESUMIDAMENTE
J124: =DADOS!F$27 -> 0
F125: TOTAL GÊNEROS ALIMENTICIOS | G125: =SUM(G116:G124) -> 0 | H125: =IF(J125>J124*0.05,"DIMINUIR VALOR",IF(J125<-J124*0.05,"AUMENTAR VALOR","")) | J125: =G125-J124 -> 0
A126: MANUTENÇÃO: Materiais de consumo
A127: DATA DO | C127: ESPECIFICAÇÃO DO | E127: NATUREZA DA DESPESA | G127: VALOR - R$
A128: DOCUMENTO | C128: DOCUMENTO | E128: RESUMIDAMENTE
J136: =DADOS!G$27 -> 0
F137: TOTAL MATERIAIS DE CONSUMO | G137: =SUM(G129:G136) -> 0 | H137: =IF(J137>J136*0.05,"DIMINUIR VALOR",IF(J137<-J136*0.05,"AUMENTAR VALOR","")) | J137: =G137-J136 -> 0
A138: MANUTENÇÃO: Combustível
A139: DATA DO | C139: ESPECIFICAÇÃO DO | E139: NATUREZA DA DESPESA | G139: VALOR - R$
A140: DOCUMENTO | C140: DOCUMENTO | E140: RESUMIDAMENTE
F143: TOTAL COMBUSTIVEL | G143: =SUM(G141:G142) -> 0
A144: MANUTENÇÃO: Outras despesas
A145: DATA DO | C145: ESPECIFICAÇÃO DO | E145: NATUREZA DA DESPESA | G145: VALOR - R$
A146: DOCUMENTO | C146: DOCUMENTO | E146: RESUMIDAMENTE
J149: =DADOS!I$27 -> 0
H150: =IF(J150>J149*0.05,"DIMINUIR VALOR",IF(J150<-J149*0.05,"AUMENTAR VALOR","")) | J150: =G152-J149 -> 0
F152: TOTAL OUTRAS DESPESAS | G152: =SUM(G147:G151) -> 0 | J152: =DADOS!J$27 -> 0
F153: TOTAL MANUTENÇÃO | G153: =SUM(G152+G143+G137+G125+G112) -> 0 | H153: =IF(J153>J152*0.05,"DIMINUIR VALOR",IF(J153<-J152*0.05,"AUMENTAR VALOR","")) | J153: =G153-J152 -> 0
F154: TOTAL GERAL | G154: =SUM(G153+G104) -> 0 | H154: =IF(G154>J154,"DIMINUIR VALOR",IF(G154<J154,"AUMENTAR VALOR","")) | J154: =J103+J152 -> 0
A155: Declaramos que os valores acima conferem com o Demonstrativo Integral das Receitas e Despesas do Exercício, elaborado nos moldes das Instruções vigentes do Tribunal de Contas do Estado de São Paulo.
B156: Americana, | C156: =C47 -> 12 de agosto de 2021.
A171: Declaração
A174: Declaramos, para os devidos fins, que os comprovantes de despesas constantes na Prestação de Contas da
A175: parcela abaixo, estão devidamente quitados:
A176: =C16 -> 7 | B176: ª parcela do | C176: =A13 -> TERMO DE COLABORAÇÃO | E176: =D13 -> 169/2024 | F176: =E13 -> ADITAMENTO | G176: =F13 -> 0
B178: Americana, | C178: =C47 -> 12 de agosto de 2021.

Sheet Parcela 8
A4: DEMONSTRATIVO INTEGRAL DAS RECEITAS E DESPESAS
D5: =DADOS!A5 -> EXERCÍCIO: | E5: =DADOS!C5 -> 2025
A8: =DADOS!A$8 -> CONTRATANTE | D8: =DADOS!D$8 -> Prefeitura Municipal de Americana
A9: =DADOS!A$9 -> CONTRATADA | D9: =DADOS!D$9 -> Associação Beneficente Residencial Evangélico Benaiah
A10: =DADOS!A$14 -> CNPJ: | D10: =DADOS!B$14 -> 43.266.758/0001-89
A11: =DADOS!A$10 -> ENDEREÇO | D11: =DADOS!D$10 -> Rua Benaiah, 290 - Terramérica - Americana/SP – CEP 13.468-824
A12: =DADOS!A$11 -> RESPONSAVEL PELA ORGANIZAÇÃO | D12: =DADOS!D$11 -> HELIO DE OLIVEIRA CAMARGO
A13: =DADOS!A$13 -> TERMO DE COLABORAÇÃO | D13: =DADOS!D13 -> 169/2024 | E13: =DADOS!E13 -> ADITAMENTO | F13: =DADOS!F13 -> 0
A16: PARCELA Nº | C16: 8
A17: DEMOSTRATICO DOS REPASSES PÚBLICOS RECEBIDOS
A18: ORIGEM DOS RECURSOS | C18: VALORES PREVISTOS - R$ | E18: DOC. DE CRÉDITO Nº | F18: DATA | G18: VALORES
G19: REPASSADOS -R$
A20: Municipal | D20: =DADOS!C28 -> 0
F24: RECEITA COM APLICAÇÕES FINANCEIRAS DOS REPASSES PÚBLICOS
F25: SALDO DE RECURSOS PÚBLICOS NÃO APLICADOS
F26: TOTAL | G26: =SUM(G20:G25) -> 0
F27: RECURSOS PROPRIOS APLICADOS PELA ENTIDADE
A28: Os signatários, na qualidade de representantes da Associação Beneficente Residencial Evangélico Benaiah, vem indicar,
A29: na forma abaixo detalhada, a aplicação dos recursos recebidos no exercício supramencionado, na importância total de
A30: =SUM(G20:G23) -> 0 | B30: (oitenta mil, oitocentos e sessenta reais), acrescidos do saldo de recursos não aplicados
C31: no valor de R$ | D31: =G25 -> 0 | E31: ( reais)
A32: DEMONSTRATIVO DAS DESPESAS REALIZADAS
A33: CATEGORIA OU FINALIDADE | D33: PERIODO DE | F33: ORIGEM DO | G33: VALORES
A34: DAS DESPESAS | D34: REALIZAÇÃO | F34: RECURSO | G34: APLICADOS
A35: RECURSOS HUMANOS | D35: =DADOS!B$28 -> agosto | F35: Municipal | G35: =G104 -> 0
A36: MANUTENÇÃO - Utilidades públicas | D36: =DADOS!B$28 -> agosto | F36: Municipal | G36: =G112 -> 0
A37: MANUTENÇÃO - Gêneros alimentícios | D37: =DADOS!B$28 -> agosto | F37: Municipal | G37: =G125 -> 0
A38: MANUTENÇÃO - Mateirais de consumo | D38: =DADOS!B$28 -> agosto | F38: Municipal | G38: =G137 -> 0
A39: MANUTENÇÃO - Combustível | D39: =DADOS!B$28 -> agosto | F39: Municipal | G39: =G143 -> 0
A40: MANUTENÇÃO - Outras despesas | D40: =DADOS!B$28 -> agosto | F40: Municipal | G40: =G152 -> 0
A41: TOTAL DAS DESPESAS | G41: =SUM(G35:G40) -> 0
A42: RECURSO PÚBLICO NÃO APLICADO | G42: =SUM(G20:G23)-G41 -> 0
A43: VALOR DEVOLVIDO AO ORGÃO CONCESSOR
A44: VALOR AUTORIZADO PARA APLICAÇÃO NO EXERCICIO SEGUINTE | G44: =G26-G41-G43 -> 0
A45: Declaramos, na qualidade de responsáveis pela Entidade supra epigrafada, sob as penalidades da Lei, que as despesas relacionadas, examinadas pelo Conselho Fiscal, comprovam a exata aplicação dos recursos recebidos para os fins indicados através da conta corrente 003/00004492-7, agência 0278, para finalidade específica, conforme programa de trabalho aprovado, proposto ao Órgão Concessor.
B47: Americana, | C47: 06/09/2021.
A53: Membros do Conselho Fiscal
B57: =A4 -> DEMONSTRATIVO INTEGRAL DAS RECEITAS E DESPESAS
D58: =D5 -> EXERCÍCIO: | E58: =E5 -> 2025
A60: =A8 -> CONTRATANTE | D60: =D8 -> Prefeitura Municipal de Americana
A61: =A9 -> CONTRATADA | D61: =D9 -> Associação Beneficente Residencial Evangélico Benaiah
A62: =A10 -> CNPJ: | D62: =D10 -> 43.266.758/0001-89
A63: =A11 -> ENDEREÇO | D63: =D11 -> Rua Benaiah, 290 - Terramérica - Americana/SP – CEP 13.468-824
A64: =A12 -> RESPONSAVEL PELA ORGANIZAÇÃO | D64: =D12 -> HELIO DE OLIVEIRA CAMARGO
A65: =A13 -> TERMO DE COLABORAÇÃO | D65: =D13 -> 169/2024 | E65: =E13 -> ADITAMENTO | F65: =F13 -> 0
A66: PARCELA Nº | C66: =C16 -> 8
A67: RECURSOS HUMANOS (5) - Salários, encargos e benefícios
A68: DATA DO | C68: ESPECIFICAÇÃO DO | E68: NATUREZA DA DESPESA | G68: VALOR - R$
A69: DOCUMENTO | C69: DOCUMENTO | E69: RESUMIDAMENTE
C70: Holerite (parte) | E70: Aldenira Pereira Moraes - Cozinheira
C71: Holerite (parte) | E71: Ana Lucia F. dos Santos - Cozinheira
C72: Holerite (parte) | E72: Andreia dos Santos Pina - Terapeuta Ocup.
C73: Holerite (parte) | E73: Beatriz A. dos Santos - Cozinheira
C74: Holerite (parte) | E74: Daiany Renata Thomazini - Cuidadora
C75: Holerite (parte) | E75: Daniely Camargo Nunes - Cuidadora
C76: Holerite (parte) | E76: Deborah A. Silva - Aux. de Enfermagem
C77: Holerite (parte) | E77: Elenice T. F. da Silva - Serviços Gerais
C78: Holerite (parte) | E78: Enara C. de Campos Seco - Coordenadora
C79: Holerite (parte) | E79: Fernanda de O. Vieira - Assistente Financeiro
C80: Holerite (parte) | E80: Janaina V. de O. Camargo - Nutricionista
C81: Holerite (parte) | E81: Juliana M. da Silva Domingues - Cuidadora
... C99: Holerite (parte) | E99: Vanusa M. S. Santos - Serviços Gerais
J103: =DADOS!D$28 -> 0
F104: TOTAL RECURSOS HUMANOS | G104: =SUM(G70:G103) -> 0 | H104: =IF(J104>J103*0.05,"DIMINUIR VALOR",IF(J104<-J103*0.05,"AUMENTAR VALOR","")) | J104: =G104-J103 -> 0
A105: MANUTENÇÃO: Uilidades públicas (7) - Energia Elétrica, água e esgoto, gás, telefone e internet
A106: DATA DO | C106: ESPECIFICAÇÃO DO | E106: NATUREZA DA DESPESA | G106: VALOR - R$
A107: DOCUMENTO | C107: DOCUMENTO | E107: RESUMIDAMENTE
J111: =DADOS!E$28 -> 0
F112: TOTAL UTILIDADES PÚBLICAS | G112: =SUM(G108:G111) -> 0 | H112: =IF(J112>J111*0.05,"DIMINUIR VALOR",IF(J112<-J111*0.05,"AUMENTAR VALOR","")) | J112: =G112-J111 -> 0
A113: MANUTENÇÃO: Gêneros alimentícios
A114: DATA DO | C114: ESPECIFICAÇÃO DO | E114: NATUREZA DA DESPESA | G114: VALOR - R$
A115: DOCUMENTO | C115: DOCUMENTO | E115: RESUMIDAMENTE
J124: =DADOS!F$28 -> 0
F125: TOTAL GÊNEROS ALIMENTICIOS | G125: =SUM(G116:G124) -> 0 | H125: =IF(J125>J124*0.05,"DIMINUIR VALOR",IF(J125<-J124*0.05,"AUMENTAR VALOR","")) | J125: =G125-J124 -> 0
A126: MANUTENÇÃO: Materiais de consumo
A127: DATA DO | C127: ESPECIFICAÇÃO DO | E127: NATUREZA DA DESPESA | G127: VALOR - R$
A128: DOCUMENTO | C128: DOCUMENTO | E128: RESUMIDAMENTE
J136: =DADOS!G$28 -> 0
F137: TOTAL MATERIAIS DE CONSUMO | G137: =SUM(G129:G136) -> 0 | H137: =IF(J137>J136*0.05,"DIMINUIR VALOR",IF(J137<-J136*0.05,"AUMENTAR VALOR","")) | J137: =G137-J136 -> 0
A138: MANUTENÇÃO: Combustível
A139: DATA DO | C139: ESPECIFICAÇÃO DO | E139: NATUREZA DA DESPESA | G139: VALOR - R$
A140: DOCUMENTO | C140: DOCUMENTO | E140: RESUMIDAMENTE
F143: TOTAL COMBUSTIVEL | G143: =SUM(G141:G142) -> 0
A144: MANUTENÇÃO: Outras despesas
A145: DATA DO | C145: ESPECIFICAÇÃO DO | E145: NATUREZA DA DESPESA | G145: VALOR - R$
A146: DOCUMENTO | C146: DOCUMENTO | E146: RESUMIDAMENTE
J149: =DADOS!I$28 -> 0
H150: =IF(J150>J149*0.05,"DIMINUIR VALOR",IF(J150<-J149*0.05,"AUMENTAR VALOR","")) | J150: =G152-J149 -> 0
F152: TOTAL OUTRAS DESPESAS | G152: =SUM(G147:G151) -> 0 | J152: =DADOS!J$28 -> 0
F153: TOTAL MANUTENÇÃO | G153: =SUM(G152+G143+G137+G125+G112) -> 0 | H153: =IF(J153>J152*0.05,"DIMINUIR VALOR",IF(J153<-J152*0.05,"AUMENTAR VALOR","")) | J153: =G153-J152 -> 0
F154: TOTAL GERAL | G154: =SUM(G153+G104) -> 0 | H154: =IF(G154>J154,"DIMINUIR VALOR",IF(G154<J154,"AUMENTAR VALOR","")) | J154: =J103+J152 -> 0
A155: Declaramos que os valores acima conferem com o Demonstrativo Integral das Receitas e Despesas do Exercício, elaborado nos moldes das Instruções vigentes do Tribunal de Contas do Estado de São Paulo.
B156: Americana, | C156: =C47 -> 06/09/2021.
A171: Declaração
A174: Declaramos, para os devidos fins, que os comprovantes de despesas constantes na Prestação de Contas da
A175: parcela abaixo, estão devidamente quitados:
A176: =C16 -> 8 | B176: ª parcela do | C176: =A13 -> TERMO DE COLABORAÇÃO | E176: =D13 -> 169/2024 | F176: =E13 -> ADITAMENTO | G176: =F13 -> 0
B178: Americana, | C178: =C47 -> 06/09/2021.

Sheet Parcela 9
A4: DEMONSTRATIVO INTEGRAL DAS RECEITAS E DESPESAS
D5: =DADOS!A5 -> EXERCÍCIO: | E5: =DADOS!C5 -> 2025
A8: =DADOS!A$8 -> CONTRATANTE | D8: =DADOS!D$8 -> Prefeitura Municipal de Americana
A9: =DADOS!A$9 -> CONTRATADA | D9: =DADOS!D$9 -> Associação Beneficente Residencial Evangélico Benaiah
A10: =DADOS!A$14 -> CNPJ: | D10: =DADOS!B$14 -> 43.266.758/0001-89
A11: =DADOS!A$10 -> ENDEREÇO | D11: =DADOS!D$10 -> Rua Benaiah, 290 - Terramérica - Americana/SP – CEP 13.468-824
A12: =DADOS!A$11 -> RESPONSAVEL PELA ORGANIZAÇÃO | D12: =DADOS!D$11 -> HELIO DE OLIVEIRA CAMARGO
A13: =DADOS!A$13 -> TERMO DE COLABORAÇÃO | D13: =DADOS!D13 -> 169/2024 | E13: =DADOS!E13 -> ADITAMENTO | F13: =DADOS!F13 -> 0
A16: PARCELA Nº | C16: 9
A17: DEMOSTRATICO DOS REPASSES PÚBLICOS RECEBIDOS
A18: ORIGEM DOS RECURSOS | C18: VALORES PREVISTOS - R$ | E18: DOC. DE CRÉDITO Nº | F18: DATA | G18: VALORES
G19: REPASSADOS -R$
A20: Municipal | D20: =DADOS!C29 -> 0
F24: RECEITA COM APLICAÇÕES FINANCEIRAS DOS REPASSES PÚBLICOS
F25: SALDO DE RECURSOS PÚBLICOS NÃO APLICADOS
F26: TOTAL | G26: =SUM(G20:G25) -> 0
F27: RECURSOS PROPRIOS APLICADOS PELA ENTIDADE
A28: Os signatários, na qualidade de representantes da Associação Beneficente Residencial Evangélico Benaiah, vem indicar,
A29: na forma abaixo detalhada, a aplicação dos recursos recebidos no exercício supramencionado, na importância total de
A30: =SUM(G20:G23) -> 0 | B30: (oitenta mil, oitocentos e sessenta reais), acrescidos do saldo de recursos não aplicados
C31: no valor de R$ | D31: =G25 -> 0 | E31: ( reais)
A32: DEMONSTRATIVO DAS DESPESAS REALIZADAS
A33: CATEGORIA OU FINALIDADE | D33: PERIODO DE | F33: ORIGEM DO | G33: VALORES
A34: DAS DESPESAS | D34: REALIZAÇÃO | F34: RECURSO | G34: APLICADOS
A35: RECURSOS HUMANOS | D35: =DADOS!B$29 -> setembro | F35: Municipal | G35: =G104 -> 0
A36: MANUTENÇÃO - Utilidades públicas | D36: =DADOS!B$29 -> setembro | F36: Municipal | G36: =G112 -> 0
A37: MANUTENÇÃO - Gêneros alimentícios | D37: =DADOS!B$29 -> setembro | F37: Municipal | G37: =G125 -> 0
A38: MANUTENÇÃO - Mateirais de consumo | D38: =DADOS!B$29 -> setembro | F38: Municipal | G38: =G137 -> 0
A39: MANUTENÇÃO - Combustível | D39: =DADOS!B$29 -> setembro | F39: Municipal | G39: =G143 -> 0
A40: MANUTENÇÃO - Outras despesas | D40: =DADOS!B$29 -> setembro | F40: Municipal | G40: =G152 -> 0
A41: TOTAL DAS DESPESAS | G41: =SUM(G35:G40) -> 0
A42: RECURSO PÚBLICO NÃO APLICADO | G42: =SUM(G20:G23)-G41 -> 0
A43: VALOR DEVOLVIDO AO ORGÃO CONCESSOR
A44: VALOR AUTORIZADO PARA APLICAÇÃO NO EXERCICIO SEGUINTE | G44: =G26-G41-G43 -> 0
A45: Declaramos, na qualidade de responsáveis pela Entidade supra epigrafada, sob as penalidades da Lei, que as despesas relacionadas, examinadas pelo Conselho Fiscal, comprovam a exata aplicação dos recursos recebidos para os fins indicados através da conta corrente 003/00004492-7, agência 0278, para finalidade específica, conforme programa de trabalho aprovado, proposto ao Órgão Concessor.
B47: Americana, | C47: 05 de outubro de 2021.
A53: Membros do Conselho Fiscal
B57: =A4 -> DEMONSTRATIVO INTEGRAL DAS RECEITAS E DESPESAS
D58: =D5 -> EXERCÍCIO: | E58: =E5 -> 2025
A60: =A8 -> CONTRATANTE | D60: =D8 -> Prefeitura Municipal de Americana
A61: =A9 -> CONTRATADA | D61: =D9 -> Associação Beneficente Residencial Evangélico Benaiah
A62: =A10 -> CNPJ: | D62: =D10 -> 43.266.758/0001-89
A63: =A11 -> ENDEREÇO | D63: =D11 -> Rua Benaiah, 290 - Terramérica - Americana/SP – CEP 13.468-824
A64: =A12 -> RESPONSAVEL PELA ORGANIZAÇÃO | D64: =D12 -> HELIO DE OLIVEIRA CAMARGO
A65: =A13 -> TERMO DE COLABORAÇÃO | D65: =D13 -> 169/2024 | E65: =E13 -> ADITAMENTO | F65: =F13 -> 0
A66: PARCELA Nº | C66: =C16 -> 9
A67: RECURSOS HUMANOS (5) - Salários, encargos e benefícios
A68: DATA DO | C68: ESPECIFICAÇÃO DO | E68: NATUREZA DA DESPESA | G68: VALOR - R$
A69: DOCUMENTO | C69: DOCUMENTO | E69: RESUMIDAMENTE
C70: Holerite (parte) | E70: Aldenira Pereira Moraes - Cozinheira
C71: Holerite (parte) | E71: Ana Lucia F. dos Santos - Cozinheira
C72: Holerite (parte) | E72: Andreia dos Santos Pina - Terapeuta Ocup.
C73: Holerite (parte) | E73: Beatriz A. dos Santos - Cozinheira
C74: Holerite (parte) | E74: Daiany Renata Thomazini - Cuidadora
C75: Holerite (parte) | E75: Daniely Camargo Nunes - Cuidadora
C76: Holerite (parte) | E76: Deborah A. Silva - Aux. de Enfermagem
C77: Holerite (parte) | E77: Elenice T. F. da Silva - Serviços Gerais
C78: Holerite (parte) | E78: Enara C. de Campos Seco - Coordenadora
C79: Holerite (parte) | E79: Fernanda de O. Vieira - Assistente Financeiro
C80: Holerite (parte) | E80: Janaina V. de O. Camargo - Nutricionista
C81: Holerite (parte) | E81: Juliana M. da Silva Domingues - Cuidadora
... C102: Holerite (parte)-salário férias | E102: Vanusa M. S. Santos - Serviços Gerais
C103: Holerite (parte)-salário férias | E103: Elenice T. F. da Silva - Serviços Gerais | J103: =DADOS!D$29 -> 0
F104: TOTAL RECURSOS HUMANOS | G104: =SUM(G70:G103) -> 0 | H104: =IF(J104>J103*0.05,"DIMINUIR VALOR",IF(J104<-J103*0.05,"AUMENTAR VALOR","")) | J104: =G104-J103 -> 0
A105: MANUTENÇÃO: Uilidades públicas (7) - Energia Elétrica, água e esgoto, gás, telefone e internet
A106: DATA DO | C106: ESPECIFICAÇÃO DO | E106: NATUREZA DA DESPESA | G106: VALOR - R$
A107: DOCUMENTO | C107: DOCUMENTO | E107: RESUMIDAMENTE
J111: =DADOS!E$29 -> 0
F112: TOTAL UTILIDADES PÚBLICAS | G112: =SUM(G108:G111) -> 0 | H112: =IF(J112>J111*0.05,"DIMINUIR VALOR",IF(J112<-J111*0.05,"AUMENTAR VALOR","")) | J112: =G112-J111 -> 0
A113: MANUTENÇÃO: Gêneros alimentícios
A114: DATA DO | C114: ESPECIFICAÇÃO DO | E114: NATUREZA DA DESPESA | G114: VALOR - R$
A115: DOCUMENTO | C115: DOCUMENTO | E115: RESUMIDAMENTE
J124: =DADOS!F$29 -> 0
F125: TOTAL GÊNEROS ALIMENTICIOS | G125: =SUM(G116:G124) -> 0 | H125: =IF(J125>J124*0.05,"DIMINUIR VALOR",IF(J125<-J124*0.05,"AUMENTAR VALOR","")) | J125: =G125-J124 -> 0
A126: MANUTENÇÃO: Materiais de consumo
A127: DATA DO | C127: ESPECIFICAÇÃO DO | E127: NATUREZA DA DESPESA | G127: VALOR - R$
A128: DOCUMENTO | C128: DOCUMENTO | E128: RESUMIDAMENTE
J136: =DADOS!G$29 -> 0
F137: TOTAL MATERIAIS DE CONSUMO | G137: =SUM(G129:G136) -> 0 | H137: =IF(J137>J136*0.05,"DIMINUIR VALOR",IF(J137<-J136*0.05,"AUMENTAR VALOR","")) | J137: =G137-J136 -> 0
A138: MANUTENÇÃO: Combustível
A139: DATA DO | C139: ESPECIFICAÇÃO DO | E139: NATUREZA DA DESPESA | G139: VALOR - R$
A140: DOCUMENTO | C140: DOCUMENTO | E140: RESUMIDAMENTE
F143: TOTAL COMBUSTIVEL | G143: =SUM(G141:G142) -> 0
A144: MANUTENÇÃO: Outras despesas
A145: DATA DO | C145: ESPECIFICAÇÃO DO | E145: NATUREZA DA DESPESA | G145: VALOR - R$
A146: DOCUMENTO | C146: DOCUMENTO | E146: RESUMIDAMENTE
J149: =DADOS!I$29 -> 0
H150: =IF(J150>J149*0.05,"DIMINUIR VALOR",IF(J150<-J149*0.05,"AUMENTAR VALOR","")) | J150: =G152-J149 -> 0
F152: TOTAL OUTRAS DESPESAS | G152: =SUM(G147:G151) -> 0 | J152: =DADOS!J$29 -> 0
F153: TOTAL MANUTENÇÃO | G153: =SUM(G152+G143+G137+G125+G112) -> 0 | H153: =IF(J153>J152*0.05,"DIMINUIR VALOR",IF(J153<-J152*0.05,"AUMENTAR VALOR","")) | J153: =G153-J152 -> 0
F154: TOTAL GERAL | G154: =SUM(G153+G104) -> 0 | H154: =IF(G154>J154,"DIMINUIR VALOR",IF(G154<J154,"AUMENTAR VALOR","")) | J154: =J103+J152 -> 0
A155: Declaramos que os valores acima conferem com o Demonstrativo Integral das Receitas e Despesas do Exercício, elaborado nos moldes das Instruções vigentes do Tribunal de Contas do Estado de São Paulo.
B156: Americana, | C156: =C47 -> 05 de outubro de 2021.
A171: Declaração
A174: Declaramos, para os devidos fins, que os comprovantes de despesas constantes na Prestação de Contas da
A175: parcela abaixo, estão devidamente quitados:
A176: =C16 -> 9 | B176: ª parcela do | C176: =A13 -> TERMO DE COLABORAÇÃO | E176: =D13 -> 169/2024 | F176: =E13 -> ADITAMENTO | G176: =F13 -> 0
B178: Americana, | C178: =C47 -> 05 de outubro de 2021.

Sheet 0
A4: DEMONSTRATIVO INTEGRAL DAS RECEITAS E DESPESAS
D5: =DADOS!A5 -> EXERCÍCIO: | E5: =DADOS!C5 -> 2025
A8: =DADOS!A$8 -> CONTRATANTE | D8: =DADOS!D$8 -> Prefeitura Municipal de Americana
A9: =DADOS!A$9 -> CONTRATADA | D9: =DADOS!D$9 -> Associação Beneficente Residencial Evangélico Benaiah
A10: =DADOS!A$14 -> CNPJ: | D10: =DADOS!B$14 -> 43.266.758/0001-89
A11: =DADOS!A$10 -> ENDEREÇO | D11: =DADOS!D$10 -> Rua Benaiah, 290 - Terramérica - Americana/SP – CEP 13.468-824
A12: =DADOS!A$11 -> RESPONSAVEL PELA ORGANIZAÇÃO | D12: =DADOS!D$11 -> HELIO DE OLIVEIRA CAMARGO
A13: =DADOS!A$13 -> TERMO DE COLABORAÇÃO | D13: =DADOS!D13 -> 169/2024 | E13: =DADOS!E13 -> ADITAMENTO | F13: =DADOS!F13 -> 0
A16: PARCELA Nº | C16: 10
A17: DEMOSTRATICO DOS REPASSES PÚBLICOS RECEBIDOS
A18: ORIGEM DOS RECURSOS | C18: VALORES PREVISTOS - R$ | E18: DOC. DE CRÉDITO Nº | F18: DATA | G18: VALORES
G19: REPASSADOS -R$
A20: Municipal | D20: =DADOS!C30 -> 0
F24: RECEITA COM APLICAÇÕES FINANCEIRAS DOS REPASSES PÚBLICOS
F25: SALDO DE RECURSOS PÚBLICOS NÃO APLICADOS
F26: TOTAL | G26: =SUM(G20:G25) -> 0
F27: RECURSOS PROPRIOS APLICADOS PELA ENTIDADE
A28: Os signatários, na qualidade de representantes da Associação Beneficente Residencial Evangélico Benaiah, vem indicar,
A29: na forma abaixo detalhada, a aplicação dos recursos recebidos no exercício supramencionado, na importância total de
A30: =SUM(G20:G23) -> 0 | B30: (oitenta mil, oitocentos e sessenta reais), acrescidos do saldo de recursos não aplicados
C31: no valor de R$ | D31: =G25 -> 0 | E31: ( reais)
A32: DEMONSTRATIVO DAS DESPESAS REALIZADAS
A33: CATEGORIA OU FINALIDADE | D33: PERIODO DE | F33: ORIGEM DO | G33: VALORES
A34: DAS DESPESAS | D34: REALIZAÇÃO | F34: RECURSO | G34: APLICADOS
A35: RECURSOS HUMANOS | D35: =DADOS!B$30 -> outubro | F35: Municipal | G35: =G104 -> 0
A36: MANUTENÇÃO - Utilidades públicas | D36: =DADOS!B$30 -> outubro | F36: Municipal | G36: =G112 -> 0
A37: MANUTENÇÃO - Gêneros alimentícios | D37: =DADOS!B$30 -> outubro | F37: Municipal | G37: =G125 -> 0
A38: MANUTENÇÃO - Mateirais de consumo | D38: =DADOS!B$30 -> outubro | F38: Municipal | G38: =G137 -> 0
A39: MANUTENÇÃO - Combustível | D39: =DADOS!B$30 -> outubro | F39: Municipal | G39: =G143 -> 0
A40: MANUTENÇÃO - Outras despesas | D40: =DADOS!B$30 -> outubro | F40: Municipal | G40: =G152 -> 0
A41: TOTAL DAS DESPESAS | G41: =SUM(G35:G40) -> 0
A42: RECURSO PÚBLICO NÃO APLICADO | G42: =SUM(G20:G23)-G41 -> 0
A43: VALOR DEVOLVIDO AO ORGÃO CONCESSOR
A44: VALOR AUTORIZADO PARA APLICAÇÃO NO EXERCICIO SEGUINTE | G44: =G26-G41-G43 -> 0
A45: Declaramos, na qualidade de responsáveis pela Entidade supra epigrafada, sob as penalidades da Lei, que as despesas relacionadas, examinadas pelo Conselho Fiscal, comprovam a exata aplicação dos recursos recebidos para os fins indicados através da conta corrente 003/00004492-7, agência 0278, para finalidade específica, conforme programa de trabalho aprovado, proposto ao Órgão Concessor.
B47: Americana, | C47: 04 de novembro de 2021.
A53: Membros do Conselho Fiscal
B57: =A4 -> DEMONSTRATIVO INTEGRAL DAS RECEITAS E DESPESAS
D58: =D5 -> EXERCÍCIO: | E58: =E5 -> 2025
A60: =A8 -> CONTRATANTE | D60: =D8 -> Prefeitura Municipal de Americana
A61: =A9 -> CONTRATADA | D61: =D9 -> Associação Beneficente Residencial Evangélico Benaiah
A62: =A10 -> CNPJ: | D62: =D10 -> 43.266.758/0001-89
A63: =A11 -> ENDEREÇO | D63: =D11 -> Rua Benaiah, 290 - Terramérica - Americana/SP – CEP 13.468-824
A64: =A12 -> RESPONSAVEL PELA ORGANIZAÇÃO | D64: =D12 -> HELIO DE OLIVEIRA CAMARGO
A65: =A13 -> TERMO DE COLABORAÇÃO | D65: =D13 -> 169/2024 | E65: =E13 -> ADITAMENTO | F65: =F13 -> 0
A66: PARCELA Nº | C66: =C16 -> 10
A67: RECURSOS HUMANOS (5) - Salários, encargos e benefícios
A68: DATA DO | C68: ESPECIFICAÇÃO DO | E68: NATUREZA DA DESPESA | G68: VALOR - R$
A69: DOCUMENTO | C69: DOCUMENTO | E69: RESUMIDAMENTE
C70: Holerite (parte) | E70: Aldenira Pereira Moraes - Cozinheira
C71: Holerite (parte) | E71: Ana Lucia F. dos Santos - Cozinheira
C72: Holerite (parte) | E72: Andreia dos Santos Pina - Terapeuta Ocup.
C73: Holerite (parte) | E73: Beatriz A. dos Santos - Cozinheira
C74: Holerite (parte) | E74: Daiany Renata Thomazini - Cuidadora
C75: Holerite (parte) | E75: Daniely Camargo Nunes - Cuidadora
C76: Holerite (parte) | E76: Deborah A. Silva - Aux. de Enfermagem
C77: Holerite (parte) | E77: Elenice T. F. da Silva - Serviços Gerais
C78: Holerite (parte) | E78: Enara C. de Campos Seco - Coordenadora
C79: Holerite (parte) | E79: Fernanda de O. Vieira - Assistente Financeiro
C80: Holerite (parte) | E80: Janaina V. de O. Camargo - Nutricionista
C81: Holerite (parte) | E81: Juliana M. da Silva Domingues - Cuidadora
... C100: Holerite (parte)-salário férias | E100: Enara C. de Campos Seco - Coordenadora
J103: =DADOS!D$30 -> 0
F104: TOTAL RECURSOS HUMANOS | G104: =SUM(G70:G103) -> 0 | H104: =IF(J104>J103*0.05,"DIMINUIR VALOR",IF(J104<-J103*0.05,"AUMENTAR VALOR","")) | J104: =G104-J103 -> 0
A105: MANUTENÇÃO: Uilidades públicas (7) - Energia Elétrica, água e esgoto, gás, telefone e internet
A106: DATA DO | C106: ESPECIFICAÇÃO DO | E106: NATUREZA DA DESPESA | G106: VALOR - R$
A107: DOCUMENTO | C107: DOCUMENTO | E107: RESUMIDAMENTE
J111: =DADOS!E$30 -> 0
F112: TOTAL UTILIDADES PÚBLICAS | G112: =SUM(G108:G111) -> 0 | H112: =IF(J112>J111*0.05,"DIMINUIR VALOR",IF(J112<-J111*0.05,"AUMENTAR VALOR","")) | J112: =G112-J111 -> 0
A113: MANUTENÇÃO: Gêneros alimentícios
A114: DATA DO | C114: ESPECIFICAÇÃO DO | E114: NATUREZA DA DESPESA | G114: VALOR - R$
A115: DOCUMENTO | C115: DOCUMENTO | E115: RESUMIDAMENTE
J124: =DADOS!F$30 -> 0
F125: TOTAL GÊNEROS ALIMENTICIOS | G125: =SUM(G116:G124) -> 0 | H125: =IF(J125>J124*0.05,"DIMINUIR VALOR",IF(J125<-J124*0.05,"AUMENTAR VALOR","")) | J125: =G125-J124 -> 0
A126: MANUTENÇÃO: Materiais de consumo
A127: DATA DO | C127: ESPECIFICAÇÃO DO | E127: NATUREZA DA DESPESA | G127: VALOR - R$
A128: DOCUMENTO | C128: DOCUMENTO | E128: RESUMIDAMENTE
J136: =DADOS!G$30 -> 0
F137: TOTAL MATERIAIS DE CONSUMO | G137: =SUM(G129:G136) -> 0 | H137: =IF(J137>J136*0.05,"DIMINUIR VALOR",IF(J137<-J136*0.05,"AUMENTAR VALOR","")) | J137: =G137-J136 -> 0
A138: MANUTENÇÃO: Combustível
A139: DATA DO | C139: ESPECIFICAÇÃO DO | E139: NATUREZA DA DESPESA | G139: VALOR - R$
A140: DOCUMENTO | C140: DOCUMENTO | E140: RESUMIDAMENTE
F143: TOTAL COMBUSTIVEL | G143: =SUM(G141:G142) -> 0
A144: MANUTENÇÃO: Outras despesas
A145: DATA DO | C145: ESPECIFICAÇÃO DO | E145: NATUREZA DA DESPESA | G145: VALOR - R$
A146: DOCUMENTO | C146: DOCUMENTO | E146: RESUMIDAMENTE
J149: =DADOS!I$30 -> 0
H150: =IF(J150>J149*0.05,"DIMINUIR VALOR",IF(J150<-J149*0.05,"AUMENTAR VALOR","")) | J150: =G152-J149 -> 0
F152: TOTAL OUTRAS DESPESAS | G152: =SUM(G147:G151) -> 0 | J152: =DADOS!J$30 -> 0
F153: TOTAL MANUTENÇÃO | G153: =SUM(G152+G143+G137+G125+G112) -> 0 | H153: =IF(J153>J152*0.05,"DIMINUIR VALOR",IF(J153<-J152*0.05,"AUMENTAR VALOR","")) | J153: =G153-J152 -> 0
F154: TOTAL GERAL | G154: =SUM(G153+G104) -> 0 | H154: =IF(G154>J154,"DIMINUIR VALOR",IF(G154<J154,"AUMENTAR VALOR","")) | J154: =J103+J152 -> 0
A155: Declaramos que os valores acima conferem com o Demonstrativo Integral das Receitas e Despesas do Exercício, elaborado nos moldes das Instruções vigentes do Tribunal de Contas do Estado de São Paulo.
B156: Americana, | C156: =C47 -> 04 de novembro de 2021.
A171: Declaração
A174: Declaramos, para os devidos fins, que os comprovantes de despesas constantes na Prestação de Contas da
A175: parcela abaixo, estão devidamente quitados:
A176: =C16 -> 10 | B176: ª parcela do | C176: =A13 -> TERMO DE COLABORAÇÃO | E176: =D13 -> 169/2024 | F176: =E13 -> ADITAMENTO | G176: =F13 -> 0
B178: Americana, | C178: =C47 -> 04 de novembro de 2021.

Sheet 00
A4: DEMONSTRATIVO INTEGRAL DAS RECEITAS E DESPESAS
D5: =DADOS!A5 -> EXERCÍCIO: | E5: =DADOS!C5 -> 2025
A8: =DADOS!A$8 -> CONTRATANTE | D8: =DADOS!D$8 -> Prefeitura Municipal de Americana
A9: =DADOS!A$9 -> CONTRATADA | D9: =DADOS!D$9 -> Associação Beneficente Residencial Evangélico Benaiah
A10: =DADOS!A$14 -> CNPJ: | D10: =DADOS!B$14 -> 43.266.758/0001-89
A11: =DADOS!A$10 -> ENDEREÇO | D11: =DADOS!D$10 -> Rua Benaiah, 290 - Terramérica - Americana/SP – CEP 13.468-824
A12: =DADOS!A$11 -> RESPONSAVEL PELA ORGANIZAÇÃO | D12: =DADOS!D$11 -> HELIO DE OLIVEIRA CAMARGO
A13: =DADOS!A$13 -> TERMO DE COLABORAÇÃO | D13: =DADOS!D13 -> 169/2024 | E13: =DADOS!E13 -> ADITAMENTO | F13: =DADOS!F13 -> 0
A16: PARCELA Nº | C16: 11
A17: DEMOSTRATICO DOS REPASSES PÚBLICOS RECEBIDOS
A18: ORIGEM DOS RECURSOS | C18: VALORES PREVISTOS - R$ | E18: DOC. DE CRÉDITO Nº | F18: DATA | G18: VALORES
G19: REPASSADOS -R$
A20: Municipal | D20: =DADOS!C31 -> 0
F24: RECEITA COM APLICAÇÕES FINANCEIRAS DOS REPASSES PÚBLICOS
F25: SALDO DE RECURSOS PÚBLICOS NÃO APLICADOS
F26: TOTAL | G26: =SUM(G20:G25) -> 0
F27: RECURSOS PROPRIOS APLICADOS PELA ENTIDADE
A28: Os signatários, na qualidade de representantes da Associação Beneficente Residencial Evangélico Benaiah, vem indicar,
A29: na forma abaixo detalhada, a aplicação dos recursos recebidos no exercício supramencionado, na importância total de
A30: =SUM(G20:G23) -> 0 | B30: (oitenta mil, oitocentos e sessenta reais), acrescidos do saldo de recursos não aplicados
C31: no valor de R$ | D31: =G25 -> 0 | E31: ( reais)
A32: DEMONSTRATIVO DAS DESPESAS REALIZADAS
A33: CATEGORIA OU FINALIDADE | D33: PERIODO DE | F33: ORIGEM DO | G33: VALORES
A34: DAS DESPESAS | D34: REALIZAÇÃO | F34: RECURSO | G34: APLICADOS
A35: RECURSOS HUMANOS | D35: =DADOS!B$31 -> novembro | F35: Municipal | G35: =G104 -> 0
A36: MANUTENÇÃO - Utilidades públicas | D36: =DADOS!B$31 -> novembro | F36: Municipal | G36: =G112 -> 0
A37: MANUTENÇÃO - Gêneros alimentícios | D37: =DADOS!B$31 -> novembro | F37: Municipal | G37: =G125 -> 0
A38: MANUTENÇÃO - Mateirais de consumo | D38: =DADOS!B$31 -> novembro | F38: Municipal | G38: =G137 -> 0
A39: MANUTENÇÃO - Combustível | D39: =DADOS!B$31 -> novembro | F39: Municipal | G39: =G143 -> 0
A40: MANUTENÇÃO - Outras despesas | D40: =DADOS!B$31 -> novembro | F40: Municipal | G40: =G152 -> 0
A41: TOTAL DAS DESPESAS | G41: =SUM(G35:G40) -> 0
A42: RECURSO PÚBLICO NÃO APLICADO | G42: =SUM(G20:G23)-G41 -> 0
A43: VALOR DEVOLVIDO AO ORGÃO CONCESSOR
A44: VALOR AUTORIZADO PARA APLICAÇÃO NO EXERCICIO SEGUINTE | G44: =G26-G41-G43 -> 0
A45: Declaramos, na qualidade de responsáveis pela Entidade supra epigrafada, sob as penalidades da Lei, que as despesas relacionadas, examinadas pelo Conselho Fiscal, comprovam a exata aplicação dos recursos recebidos para os fins indicados através da conta corrente 003/00004492-7, agência 0278, para finalidade específica, conforme programa de trabalho aprovado, proposto ao Órgão Concessor.
B47: Americana, | C47: 03 de novembro de 2021.
A53: Membros do Conselho Fiscal
B57: =A4 -> DEMONSTRATIVO INTEGRAL DAS RECEITAS E DESPESAS
D58: =D5 -> EXERCÍCIO: | E58: =E5 -> 2025
A60: =A8 -> CONTRATANTE | D60: =D8 -> Prefeitura Municipal de Americana
A61: =A9 -> CONTRATADA | D61: =D9 -> Associação Beneficente Residencial Evangélico Benaiah
A62: =A10 -> CNPJ: | D62: =D10 -> 43.266.758/0001-89
A63: =A11 -> ENDEREÇO | D63: =D11 -> Rua Benaiah, 290 - Terramérica - Americana/SP – CEP 13.468-824
A64: =A12 -> RESPONSAVEL PELA ORGANIZAÇÃO | D64: =D12 -> HELIO DE OLIVEIRA CAMARGO
A65: =A13 -> TERMO DE COLABORAÇÃO | D65: =D13 -> 169/2024 | E65: =E13 -> ADITAMENTO | F65: =F13 -> 0
A66: PARCELA Nº | C66: =C16 -> 11
A67: RECURSOS HUMANOS (5) - Salários, encargos e benefícios
A68: DATA DO | C68: ESPECIFICAÇÃO DO | E68: NATUREZA DA DESPESA | G68: VALOR - R$
A69: DOCUMENTO | C69: DOCUMENTO | E69: RESUMIDAMENTE
C70: Holerite (parte) | E70: Ana Lucia F. dos Santos - Cozinheira
C71: Holerite (parte) | E71: Andreia dos Santos Pina - Terapeuta Ocup.
C72: Holerite (parte) | E72: Beatriz A. dos Santos - Cozinheira
C73: Holerite (parte) | E73: Daiany Renata Thomazini - Cuidadora
C74: Holerite (parte) | E74: Daniely Camargo Nunes - Cuidadora
C75: Holerite (parte) | E75: Deborah A. Silva - Aux. de Enfermagem
C76: Holerite (parte) | E76: Elenice T. F. da Silva - Serviços Gerais
C77: Holerite (parte) | E77: Enara C. de Campos Seco - Coordenadora
C78: Holerite (parte) | E78: Fernanda de O. Vieira - Assistente Financeiro
C79: Holerite (parte) | E79: Janaina V. de O. Camargo - Nutricionista
C80: Holerite (parte) | E80: Juliana M. da Silva Domingues - Cuidadora
C81: Holerite (parte) | E81: Junio de Sousa Carvalho - Cuidador
... C99: holerite (parte)-salário férias | E99: Daniely Camargo Nunes - Cuidadora
J103: =DADOS!D$31 -> 0
F104: TOTAL RECURSOS HUMANOS | G104: =SUM(G70:G103) -> 0 | H104: =IF(J104>J103*0.05,"DIMINUIR VALOR",IF(J104<-J103*0.05,"AUMENTAR VALOR","")) | J104: =G104-J103 -> 0
A105: MANUTENÇÃO: Uilidades públicas (7) - Energia Elétrica, água e esgoto, gás, telefone e internet
A106: DATA DO | C106: ESPECIFICAÇÃO DO | E106: NATUREZA DA DESPESA | G106: VALOR - R$
A107: DOCUMENTO | C107: DOCUMENTO | E107: RESUMIDAMENTE
J111: =DADOS!E$31 -> 0
F112: TOTAL UTILIDADES PÚBLICAS | G112: =SUM(G108:G111) -> 0 | H112: =IF(J112>J111*0.05,"DIMINUIR VALOR",IF(J112<-J111*0.05,"AUMENTAR VALOR","")) | J112: =G112-J111 -> 0
A113: MANUTENÇÃO: Gêneros alimentícios
A114: DATA DO | C114: ESPECIFICAÇÃO DO | E114: NATUREZA DA DESPESA | G114: VALOR - R$
A115: DOCUMENTO | C115: DOCUMENTO | E115: RESUMIDAMENTE
J124: =DADOS!F$31 -> 0
F125: TOTAL GÊNEROS ALIMENTICIOS | G125: =SUM(G116:G124) -> 0 | H125: =IF(J125>J124*0.05,"DIMINUIR VALOR",IF(J125<-J124*0.05,"AUMENTAR VALOR","")) | J125: =G125-J124 -> 0
A126: MANUTENÇÃO: Materiais de consumo
A127: DATA DO | C127: ESPECIFICAÇÃO DO | E127: NATUREZA DA DESPESA | G127: VALOR - R$
A128: DOCUMENTO | C128: DOCUMENTO | E128: RESUMIDAMENTE
J136: =DADOS!G$31 -> 0
F137: TOTAL MATERIAIS DE CONSUMO | G137: =SUM(G129:G136) -> 0 | H137: =IF(J137>J136*0.05,"DIMINUIR VALOR",IF(J137<-J136*0.05,"AUMENTAR VALOR","")) | J137: =G137-J136 -> 0
A138: MANUTENÇÃO: Combustível
A139: DATA DO | C139: ESPECIFICAÇÃO DO | E139: NATUREZA DA DESPESA | G139: VALOR - R$
A140: DOCUMENTO | C140: DOCUMENTO | E140: RESUMIDAMENTE
F143: TOTAL COMBUSTIVEL | G143: =SUM(G141:G142) -> 0
A144: MANUTENÇÃO: Outras despesas
A145: DATA DO | C145: ESPECIFICAÇÃO DO | E145: NATUREZA DA DESPESA | G145: VALOR - R$
A146: DOCUMENTO | C146: DOCUMENTO | E146: RESUMIDAMENTE
J149: =DADOS!I$31 -> 0
H150: =IF(J150>J149*0.05,"DIMINUIR VALOR",IF(J150<-J149*0.05,"AUMENTAR VALOR","")) | J150: =G152-J149 -> 0
F152: TOTAL OUTRAS DESPESAS | G152: =SUM(G147:G151) -> 0 | J152: =DADOS!J$31 -> 0
F153: TOTAL MANUTENÇÃO | G153: =SUM(G152+G143+G137+G125+G112) -> 0 | H153: =IF(J153>J152*0.05,"DIMINUIR VALOR",IF(J153<-J152*0.05,"AUMENTAR VALOR","")) | J153: =G153-J152 -> 0
F154: TOTAL GERAL | G154: =SUM(G153+G104) -> 0 | H154: =IF(G154>J154,"DIMINUIR VALOR",IF(G154<J154,"AUMENTAR VALOR","")) | J154: =J103+J152 -> 0
A155: Declaramos que os valores acima conferem com o Demonstrativo Integral das Receitas e Despesas do Exercício, elaborado nos moldes das Instruções vigentes do Tribunal de Contas do Estado de São Paulo.
B156: Americana, | C156: =C47 -> 03 de novembro de 2021.
A171: Declaração
A174: Declaramos, para os devidos fins, que os comprovantes de despesas constantes na Prestação de Contas da
A175: parcela abaixo, estão devidamente quitados:
A176: =C16 -> 11 | B176: ª parcela do | C176: =A13 -> TERMO DE COLABORAÇÃO | E176: =D13 -> 169/2024 | F176: =E13 -> ADITAMENTO | G176: =F13 -> 0
B178: Americana, | C178: =C47 -> 03 de novembro de 2021.

Sheet 000
A4: DEMONSTRATIVO INTEGRAL DAS RECEITAS E DESPESAS
D5: =DADOS!A5 -> EXERCÍCIO: | E5: =DADOS!C5 -> 2025
A8: =DADOS!A$8 -> CONTRATANTE | D8: =DADOS!D$8 -> Prefeitura Municipal de Americana
A9: =DADOS!A$9 -> CONTRATADA | D9: =DADOS!D$9 -> Associação Beneficente Residencial Evangélico Benaiah
A10: =DADOS!A$14 -> CNPJ: | D10: =DADOS!B$14 -> 43.266.758/0001-89
A11: =DADOS!A$10 -> ENDEREÇO | D11: =DADOS!D$10 -> Rua Benaiah, 290 - Terramérica - Americana/SP – CEP 13.468-824
A12: =DADOS!A$11 -> RESPONSAVEL PELA ORGANIZAÇÃO | D12: =DADOS!D$11 -> HELIO DE OLIVEIRA CAMARGO
A13: =DADOS!A$13 -> TERMO DE COLABORAÇÃO | D13: =DADOS!D13 -> 169/2024 | E13: =DADOS!E13 -> ADITAMENTO | F13: =DADOS!F13 -> 0
A16: PARCELA Nº | C16: 12
A17: DEMOSTRATICO DOS REPASSES PÚBLICOS RECEBIDOS
A18: ORIGEM DOS RECURSOS | C18: VALORES PREVISTOS - R$ | E18: DOC. DE CRÉDITO Nº | F18: DATA | G18: VALORES
G19: REPASSADOS -R$
A20: Municipal | D20: =DADOS!C32 -> 0
F24: RECEITA COM APLICAÇÕES FINANCEIRAS DOS REPASSES PÚBLICOS
F25: SALDO DE RECURSOS PÚBLICOS NÃO APLICADOS
F26: TOTAL | G26: =SUM(G20:G25) -> 0
F27: RECURSOS PROPRIOS APLICADOS PELA ENTIDADE
A28: Os signatários, na qualidade de representantes da Associação Beneficente Residencial Evangélico Benaiah, vem indicar,
A29: na forma abaixo detalhada, a aplicação dos recursos recebidos no exercício supramencionado, na importância total de
A30: =SUM(G20:G23) -> 0 | B30: (oitenta mil, novecentos e cinquenta e seis reais e onze centavos), acrescidos do saldo de recursos não aplicados
C31: no valor de R$ | D31: =G25 -> 0 | E31: ( reais)
A32: DEMONSTRATIVO DAS DESPESAS REALIZADAS
A33: CATEGORIA OU FINALIDADE | D33: PERIODO DE | F33: ORIGEM DO | G33: VALORES
A34: DAS DESPESAS | D34: REALIZAÇÃO | F34: RECURSO | G34: APLICADOS
A35: RECURSOS HUMANOS | D35: =DADOS!B$32 -> dezembro | F35: Municipal | G35: =G104 -> 0
A36: MANUTENÇÃO - Utilidades públicas | D36: =DADOS!B$32 -> dezembro | F36: Municipal | G36: =G112 -> 0
A37: MANUTENÇÃO - Gêneros alimentícios | D37: =DADOS!B$32 -> dezembro | F37: Municipal | G37: =G125 -> 0
A38: MANUTENÇÃO - Mateirais de consumo | D38: =DADOS!B$32 -> dezembro | F38: Municipal | G38: =G137 -> 0
A39: MANUTENÇÃO - Combustível | D39: =DADOS!B$32 -> dezembro | F39: Municipal | G39: =G143 -> 0
A40: MANUTENÇÃO - Outras despesas | D40: =DADOS!B$32 -> dezembro | F40: Municipal | G40: =G152 -> 0
A41: TOTAL DAS DESPESAS | G41: =SUM(G35:G40) -> 0
A42: RECURSO PÚBLICO NÃO APLICADO | G42: =SUM(G20:G23)-G41 -> 0
A43: VALOR DEVOLVIDO AO ORGÃO CONCESSOR
A44: VALOR AUTORIZADO PARA APLICAÇÃO NO EXERCICIO SEGUINTE | G44: =G26-G41-G43 -> 0
A45: Declaramos, na qualidade de responsáveis pela Entidade supra epigrafada, sob as penalidades da Lei, que as despesas relacionadas, examinadas pelo Conselho Fiscal, comprovam a exata aplicação dos recursos recebidos para os fins indicados através da conta corrente 003/00004492-7, agência 0278, para finalidade específica, conforme programa de trabalho aprovado, proposto ao Órgão Concessor.
B47: Americana, | C47: 24 de janeiro de 2022.
A53: Membros do Conselho Fiscal
B57: =A4 -> DEMONSTRATIVO INTEGRAL DAS RECEITAS E DESPESAS
D58: =D5 -> EXERCÍCIO: | E58: =E5 -> 2025
A60: =A8 -> CONTRATANTE | D60: =D8 -> Prefeitura Municipal de Americana
A61: =A9 -> CONTRATADA | D61: =D9 -> Associação Beneficente Residencial Evangélico Benaiah
A62: =A10 -> CNPJ: | D62: =D10 -> 43.266.758/0001-89
A63: =A11 -> ENDEREÇO | D63: =D11 -> Rua Benaiah, 290 - Terramérica - Americana/SP – CEP 13.468-824
A64: =A12 -> RESPONSAVEL PELA ORGANIZAÇÃO | D64: =D12 -> HELIO DE OLIVEIRA CAMARGO
A65: =A13 -> TERMO DE COLABORAÇÃO | D65: =D13 -> 169/2024 | E65: =E13 -> ADITAMENTO | F65: =F13 -> 0
A66: PARCELA Nº | C66: =C16 -> 12
A67: RECURSOS HUMANOS (5) - Salários, encargos e benefícios
A68: DATA DO | C68: ESPECIFICAÇÃO DO | E68: NATUREZA DA DESPESA | G68: VALOR - R$
A69: DOCUMENTO | C69: DOCUMENTO | E69: RESUMIDAMENTE
C70: Holerite (parte) | E70: Ana Lucia F. dos Santos - Cozinheira
C71: Holerite (parte) | E71: Andreia dos Santos Pina - Terapeuta Ocup.
C72: Holerite (parte) | E72: Beatriz A. dos Santos - Cozinheira
C73: Holerite (parte) | E73: Daiany Renata Thomazini - Cuidadora
C74: Holerite (parte) | E74: Daniely Camargo Nunes - Cuidadora
C75: Holerite (parte) | E75: Deborah A. Silva - Aux. de Enfermagem
C76: Holerite (parte) | E76: Elenice T. F. da Silva - Serviços Gerais
C77: Holerite (parte) | E77: Enara C. de Campos Seco - Coordenadora
C78: Holerite (parte) | E78: Fernanda de O. Vieira - Assistente Financeiro
C79: Holerite (parte) | E79: Janaina V. de O. Camargo - Nutricionista
C80: Holerite (parte) | E80: Juliana M. da Silva Domingues - Cuidadora
C81: Holerite (parte) | E81: Junio de Sousa Carvalho - Cuidador
... C100: Holerite (parte)-salário férias | E100: Mirelli Samira Vaz - Cuidadora
J103: =DADOS!D$32 -> 0
F104: TOTAL RECURSOS HUMANOS | G104: =SUM(G70:G103) -> 0 | H104: =IF(J104>J103*0.05,"DIMINUIR VALOR",IF(J104<-J103*0.05,"AUMENTAR VALOR","")) | J104: =G104-J103 -> 0
A105: MANUTENÇÃO: Uilidades públicas (7) - Energia Elétrica, água e esgoto, gás, telefone e internet
A106: DATA DO | C106: ESPECIFICAÇÃO DO | E106: NATUREZA DA DESPESA | G106: VALOR - R$
A107: DOCUMENTO | C107: DOCUMENTO | E107: RESUMIDAMENTE
J111: =DADOS!E$32 -> 0
F112: TOTAL UTILIDADES PÚBLICAS | G112: =SUM(G108:G111) -> 0 | H112: =IF(J112>J111*0.05,"DIMINUIR VALOR",IF(J112<-J111*0.05,"AUMENTAR VALOR","")) | J112: =G112-J111 -> 0
A113: MANUTENÇÃO: Gêneros alimentícios
A114: DATA DO | C114: ESPECIFICAÇÃO DO | E114: NATUREZA DA DESPESA | G114: VALOR - R$
A115: DOCUMENTO | C115: DOCUMENTO | E115: RESUMIDAMENTE
J124: =DADOS!F$32 -> 0
F125: TOTAL GÊNEROS ALIMENTICIOS | G125: =SUM(G116:G124) -> 0 | H125: =IF(J125>J124*0.05,"DIMINUIR VALOR",IF(J125<-J124*0.05,"AUMENTAR VALOR","")) | J125: =G125-J124 -> 0
A126: MANUTENÇÃO: Materiais de consumo
A127: DATA DO | C127: ESPECIFICAÇÃO DO | E127: NATUREZA DA DESPESA | G127: VALOR - R$
A128: DOCUMENTO | C128: DOCUMENTO | E128: RESUMIDAMENTE
J136: =DADOS!G$32 -> 0
F137: TOTAL MATERIAIS DE CONSUMO | G137: =SUM(G129:G136) -> 0 | H137: =IF(J137>J136*0.05,"DIMINUIR VALOR",IF(J137<-J136*0.05,"AUMENTAR VALOR","")) | J137: =G137-J136 -> 0
A138: MANUTENÇÃO: Combustível
A139: DATA DO | C139: ESPECIFICAÇÃO DO | E139: NATUREZA DA DESPESA | G139: VALOR - R$
A140: DOCUMENTO | C140: DOCUMENTO | E140: RESUMIDAMENTE
F143: TOTAL COMBUSTIVEL | G143: =SUM(G141:G142) -> 0
A144: MANUTENÇÃO: Outras despesas
A145: DATA DO | C145: ESPECIFICAÇÃO DO | E145: NATUREZA DA DESPESA | G145: VALOR - R$
A146: DOCUMENTO | C146: DOCUMENTO | E146: RESUMIDAMENTE
J149: =DADOS!I$32 -> 0
H150: =IF(J150>J149*0.05,"DIMINUIR VALOR",IF(J150<-J149*0.05,"AUMENTAR VALOR","")) | J150: =G152-J149 -> 0
F152: TOTAL OUTRAS DESPESAS | G152: =SUM(G147:G151) -> 0 | J152: =DADOS!J$32 -> 0
F153: TOTAL MANUTENÇÃO | G153: =SUM(G152+G143+G137+G125+G112) -> 0 | H153: =IF(J153>J152*0.05,"DIMINUIR VALOR",IF(J153<-J152*0.05,"AUMENTAR VALOR","")) | J153: =G153-J152 -> 0
F154: TOTAL GERAL | G154: =SUM(G153+G104) -> 0 | H154: =IF(G154>J154,"DIMINUIR VALOR",IF(G154<J154,"AUMENTAR VALOR","")) | J154: =J103+J152 -> 0
A155: Declaramos que os valores acima conferem com o Demonstrativo Integral das Receitas e Despesas do Exercício, elaborado nos moldes das Instruções vigentes do Tribunal de Contas do Estado de São Paulo.
B156: Americana, | C156: =C47 -> 24 de janeiro de 2022.
A171: Declaração
A174: Declaramos, para os devidos fins, que os comprovantes de despesas constantes na Prestação de Contas da
A175: parcela abaixo, estão devidamente quitados:
A176: =C16 -> 12 | B176: ª parcela do | C176: =A13 -> TERMO DE COLABORAÇÃO | E176: =D13 -> 169/2024 | F176: =E13 -> ADITAMENTO | G176: =F13 -> 0
B178: Americana, | C178: =C47 -> 24 de janeiro de 2022.

Sheet GLOBAL
A4: DEMONSTRATIVO INTEGRAL DAS RECEITAS E DESPESAS
D5: =DADOS!A5 -> EXERCÍCIO: | E5: =DADOS!C5 -> 2025
A8: =DADOS!A$8 -> CONTRATANTE | D8: =DADOS!D$8 -> Prefeitura Municipal de Americana
A9: =DADOS!A$9 -> CONTRATADA | D9: =DADOS!D$9 -> Associação Beneficente Residencial Evangélico Benaiah
A10: =DADOS!A$14 -> CNPJ: | D10: =DADOS!B$14 -> 43.266.758/0001-89
A11: =DADOS!A$10 -> ENDEREÇO | D11: =DADOS!D$10 -> Rua Benaiah, 290 - Terramérica - Americana/SP – CEP 13.468-824
A12: =DADOS!A$11 -> RESPONSAVEL PELA ORGANIZAÇÃO | D12: =DADOS!D$11 -> HELIO DE OLIVEIRA CAMARGO
A13: =DADOS!A$13 -> TERMO DE COLABORAÇÃO | D13: =DADOS!D13 -> 169/2024 | E13: =DADOS!E13 -> ADITAMENTO | F13: =DADOS!F13 -> 0
A16: PARCELA Nº | C16: GLOBAL
A17: DEMOSTRATICO DOS REPASSES PÚBLICOS RECEBIDOS
A18: ORIGEM DOS RECURSOS | C18: VALORES PREVISTOS - R$ | E18: DOC. DE CRÉDITO Nº | F18: DATA | G18: VALORES
G19: REPASSADOS -R$
A20: ='Parcela 10'!A$20 -> Municipal | D20: =DADOS!C21 -> 116162 | E20: ='Parcela 10'!E$20 -> 000001 | F20: ='Parcela 10'!F$20 -> 45681 | G20: ='Parcela 10'!G$20 -> 116162
A21: ='Parcela 11'!A$20 -> Municipal | D21: =DADOS!C22 -> 116162 | E21: ='Parcela 11'!E$20 -> 000001 | F21: ='Parcela 11'!F$20 -> 45713 | G21: ='Parcela 11'!G$20 -> 116162
A22: ='Parcela 12'!A$20 -> Municipal | D22: =DADOS!C23 -> 57819.7 | E22: ='Parcela 12'!E$20 -> 000001 | F22: ='Parcela 12'!F$20 -> 45741 | G22: ='Parcela 12'!G$20 -> 57819.7
A23: ='Parcela 4'!A$20 -> Municipal | D23: =DADOS!C24 -> 0 | E23: ='Parcela 4'!E$20 -> 0 | F23: ='Parcela 4'!F$20 -> 0 | G23: ='Parcela 4'!G$20 -> 0
A24: ='Parcela 5'!A$20 -> Municipal | D24: =DADOS!C25 -> 0 | E24: ='Parcela 5'!E$20 -> 0 | F24: ='Parcela 5'!F$20 -> 0 | G24: ='Parcela 5'!G$20 -> 0
A25: ='Parcela 6'!A$20 -> Municipal | D25: =DADOS!C26 -> 0 | E25: ='Parcela 6'!E$20 -> 0 | F25: ='Parcela 6'!F$20 -> 0 | G25: ='Parcela 6'!G$20 -> 0
A26: ='Parcela 7'!A$20 -> Municipal | D26: =DADOS!C27 -> 0 | E26: ='Parcela 7'!E$20 -> 0 | F26: ='Parcela 7'!F$20 -> 0 | G26: ='Parcela 7'!G$20 -> 0
A27: ='Parcela 8'!A$20 -> Municipal | D27: =DADOS!C28 -> 0 | E27: ='Parcela 8'!E$20 -> 0 | F27: ='Parcela 8'!F$20 -> 0 | G27: ='Parcela 8'!G$20 -> 0
A28: ='Parcela 9'!A$20 -> Municipal | D28: =DADOS!C29 -> 0 | E28: ='Parcela 9'!E$20 -> 0 | F28: ='Parcela 9'!F$20 -> 0 | G28: ='Parcela 9'!G$20 -> 0
A29: ='0'!A$20 -> Municipal | D29: =DADOS!C30 -> 0 | E29: ='0'!E$20 -> 0 | F29: ='0'!F$20 -> 0 | G29: ='0'!G$20 -> 0
A30: ='00'!A$20 -> Municipal | D30: =DADOS!C31 -> 0 | E30: ='00'!E$20 -> 0 | F30: ='00'!F$20 -> 0 | G30: ='00'!G$20 -> 0
A31: ='000'!A$20 -> Municipal | D31: =DADOS!C32 -> 0 | E31: ='000'!E$20 -> 0 | F31: ='000'!F$20 -> 0 | G31: ='000'!G$20 -> 0
F32: RECEITA COM APLICAÇÕES FINANCEIRAS DOS REPASSES PÚBLICOS | G32: ='Parcela 10'!G24+'Parcela 11'!G24+'Parcela 12'!G24 -> 0
F33: SALDO DE RECURSOS PÚBLICOS NÃO APLICADOS
F34: TOTAL | G34: =SUM(G20:G33) -> 290143.7
F35: RECURSOS PROPRIOS APLICADOS PELA ENTIDADE
A36: Os signatários, na qualidade de representantes da Associação Beneficente Residencial Evangélico Benaiah, vem indicar,
A37: na forma abaixo detalhada, a aplicação dos recursos recebidos no exercício supramencionado, na importância total de
A38: =G34 -> 290143.7 | B38: (trezentos e vinte e nove mil, trezentos e três reais e oitenta e dois centavos).
A40: DEMONSTRATIVO DAS DESPESAS REALIZADAS
A41: CATEGORIA OU FINALIDADE | D41: PERIODO DE | F41: ORIGEM DO | G41: VALORES
A42: DAS DESPESAS | D42: REALIZAÇÃO | F42: RECURSO | G42: APLICADOS
A43: ='Parcela 10'!A35 -> RECURSOS HUMANOS | D43: Janeiro a março | F43: =A20 -> Municipal | G43: =G540 -> 290143.7
A44: ='Parcela 10'!A36 -> MANUTENÇÃO - Utilidades públicas | D44: Janeiro a dezembro | F44: =A21 -> Municipal
A45: ='Parcela 10'!A37 -> MANUTENÇÃO - Gêneros alimentícios | D45: Janeiro a dezembro | F45: =A22 -> Municipal
A46: ='Parcela 10'!A38 -> MANUTENÇÃO - Mateirais de consumo | D46: Janeiro a dezembro | F46: =A23 -> Municipal
A47: ='Parcela 10'!A39 -> MANUTENÇÃO - Combustível | D47: Janeiro a dezembro | F47: =A24 -> Municipal
A48: ='Parcela 10'!A40 -> MANUTENÇÃO - Outras despesas | D48: Janeiro a dezembro | F48: =A25 -> Municipal
A49: TOTAL DAS DESPESAS | G49: =SUM(G43:G48) -> 290143.7
A50: RECURSO PÚBLICO NÃO APLICADO | G50: 0
A51: VALOR DEVOLVIDO AO ORGÃO CONCESSOR | G51: 0
A52: VALOR AUTORIZADO PARA APLICAÇÃO NO EXERCICIO SEGUINTE | G52: 0
A53: Declaramos, na qualidade de responsáveis pela Entidade supra epigrafada, sob as penalidades da Lei, que as despesas relacionadas, examinadas pelo Conselho Fiscal, comprovam a exata aplicação dos recursos recebidos para os fins indicados através da conta corrente 003/00004492-7, agência 0278, para finalidade específica, conforme programa de trabalho aprovado, proposto ao Órgão Concessor.
B55: Americana,
A61: Membros do Conselho Fiscal
D65: RELAÇÃO DE GASTOS
D66: =D5 -> EXERCÍCIO: | E66: =E5 -> 2025
A68: =A8 -> CONTRATANTE | D68: =D8 -> Prefeitura Municipal de Americana
A69: =A9 -> CONTRATADA | D69: =D9 -> Associação Beneficente Residencial Evangélico Benaiah
A70: =A10 -> CNPJ: | D70: =D10 -> 43.266.758/0001-89
A71: =A11 -> ENDEREÇO | D71: =D11 -> Rua Benaiah, 290 - Terramérica - Americana/SP – CEP 13.468-824
A72: =A12 -> RESPONSAVEL PELA ORGANIZAÇÃO | D72: =D12 -> HELIO DE OLIVEIRA CAMARGO
A73: =A13 -> TERMO DE COLABORAÇÃO | D73: =D13 -> 169/2024 | E73: =E13 -> ADITAMENTO | F73: =F13 -> 0
A74: PARCELA GLOBAL
A75: RECURSOS HUMANOS (5) - Salários, encargos e benefícios
A76: DATA DO | C76: ESPECIFICAÇÃO DO | E76: NATUREZA DA DESPESA | G76: VALOR - R$
A77: DOCUMENTO | C77: DOCUMENTO | E77: RESUMIDAMENTE
A78: ='Parcela 10'!A70 -> 45688 | C78: ='Parcela 10'!C70 -> Holerite (parte) | E78: ='Parcela 10'!E70 -> Ana Lucia F. dos Santos - Cozinheira | G78: ='Parcela 10'!G70 -> 2595 | I78: 1
A79: ='Parcela 10'!A71 -> 45688 | C79: ='Parcela 10'!C71 -> Holerite (parte) | E79: ='Parcela 10'!E71 -> Ana Maria C. T. Neves - Serviços Gerais | G79: ='Parcela 10'!G71 -> 2718 | I79: 2
A80: ='Parcela 10'!A72 -> 45688 | C80: ='Parcela 10'!C72 -> Holerite (parte) | E80: ='Parcela 10'!E72 -> Andreia dos Santos Pina - Terapeuta Ocup. | G80: ='Parcela 10'!G72 -> 4529 | I80: 3
A81: ='Parcela 10'!A73 -> 45688 | C81: ='Parcela 10'!C73 -> Holerite (parte) | E81: ='Parcela 10'!E73 -> Beatriz A. dos Santos - Cozinheira | G81: ='Parcela 10'!G73 -> 2454 | I81: 4
A82: ='Parcela 10'!A74 -> 45688 | C82: ='Parcela 10'!C74 -> Holerite (parte) | E82: ='Parcela 10'!E74 -> Bruna L. A. dos Santos - Serviços Gerais | G82: ='Parcela 10'!G74 -> 2140 | I82: 5
A83: ='Parcela 10'!A75 -> 45688 | C83: ='Parcela 10'!C75 -> Holerite (parte) | E83: ='Parcela 10'!E75 -> Cleitom H.S> dos Santos - Cuidador | G83: ='Parcela 10'!G75 -> 3076 | I83: 6
A84: ='Parcela 10'!A76 -> 45688 | C84: ='Parcela 10'!C76 -> Holerite (parte) | E84: ='Parcela 10'!E76 -> Daiany Renata Thomazini - Cuidadora | G84: ='Parcela 10'!G76 -> 3441 | I84: 7
A85: ='Parcela 10'!A77 -> 45688 | C85: ='Parcela 10'!C77 -> Holerite (parte) | E85: ='Parcela 10'!E77 -> Edmara Teles Martins - Serviços Gerais | G85: ='Parcela 10'!G77 -> 2441 | I85: 8
A86: ='Parcela 10'!A78 -> 45688 | C86: ='Parcela 10'!C78 -> Holerite (parte) | E86: ='Parcela 10'!E78 -> Elenice T. F. da Silva - Serviços Gerais | G86: ='Parcela 10'!G78 -> 2829 | I86: 9
A87: ='Parcela 10'!A79 -> 45688 | C87: ='Parcela 10'!C79 -> Holerite (parte) | E87: ='Parcela 10'!E79 -> Enara C. de Campos Seco - Coordenadora | G87: ='Parcela 10'!G79 -> 6947 | I87: 10
A88: ='Parcela 10'!A80 -> 45688 | C88: ='Parcela 10'!C80 -> Holerite (parte) | E88: ='Parcela 10'!E80 -> Fátima Mariellen Sobral Pereira - Cozinheira | G88: ='Parcela 10'!G80 -> 0 | I88: 11
A89: ='Parcela 10'!A81 -> 45688 | C89: ='Parcela 10'!C81 -> Holerite (parte) | E89: ='Parcela 10'!E81 -> Fernanda de O. Vieira - Analista Financeiro | G89: ='Parcela 10'!G81 -> 3044 | I89: 12
... A108: ='Parcela 10'!A100 -> 45688 | C108: ='Parcela 10'!C100 -> Holerite (parte) | E108: ='Parcela 10'!E100 -> Vanusa M. S. Santos - Serviços Gerais | G108: ='Parcela 10'!G100 -> 2985 | I108: 31
A109: ='Parcela 10'!A101 -> 45658 | C109: ='Parcela 10'!C101 -> FGTS - Comp. | D109: ='Parcela 10'!D101 -> 01/25 (parte) | E109: ='Parcela 10'!E101 -> Folha de pagamento - FGTS | G109: ='Parcela 10'!G101 -> 6790.92 | I109: 32
A110: ='Parcela 10'!A102 -> 45660 | C110: ='Parcela 10'!C102 -> Holerite (parte) - Férias | E110: ='Parcela 10'!E102 -> Janaina V. de O. Camargo - Nutricionista | G110: ='Parcela 10'!G102 -> 4367 | I110: 33
A111: ='Parcela 10'!A103 -> 45681 | C111: ='Parcela 10'!C103 -> Holerite (parte) - Férias | E111: ='Parcela 10'!E103 -> Beatriz A. dos Santos - Cozinheira | G111: ='Parcela 10'!G103 -> 3717.3
A112: ='Parcela 10'!A104 -> 45688 | C112: ='Parcela 10'!C104 -> Holerite (parte) - Férias | E112: ='Parcela 10'!E104 -> Ronilda Cirino Tomaz - Cuidadora | G112: ='Parcela 10'!G104 -> 4633.78
A113: ='Parcela 10'!A105 -> 0 | C113: ='Parcela 10'!C105 -> 0 | E113: ='Parcela 10'!E105 -> 0 | G113: ='Parcela 10'!G105 -> 0
A114: ='Parcela 10'!A106 -> 0 | C114: ='Parcela 10'!C106 -> 0 | E114: ='Parcela 10'!E106 -> 0 | G114: ='Parcela 10'!G106 -> 0 | I114: 34 | J114: =SUM(G78:G114) -> 116162
A119: ='Parcela 11'!A70 -> 45716 | C119: ='Parcela 11'!C70 -> Holerite (parte) | E119: ='Parcela 11'!E70 -> Ana Lucia F. dos Santos - Cozinheira | G119: ='Parcela 11'!G70 -> 2563 | I119: 1
A120: ='Parcela 11'!A71 -> 45716 | C120: ='Parcela 11'!C71 -> Holerite (parte) | E120: ='Parcela 11'!E71 -> Ana Maria C. T. Neves - Serviços Gerais | G120: ='Parcela 11'!G71 -> 2618 | I120: 2
A121: ='Parcela 11'!A72 -> 45716 | C121: ='Parcela 11'!C72 -> Holerite (parte) | E121: ='Parcela 11'!E72 -> Andreia dos Santos Pina - Terapeuta Ocup. | G121: ='Parcela 11'!G72 -> 4908 | I121: 3
A122: ='Parcela 11'!A73 -> 45716 | C122: ='Parcela 11'!C73 -> Holerite (parte) | E122: ='Parcela 11'!E73 -> Beatriz A. dos Santos - Cozinheira | G122: ='Parcela 11'!G73 -> 984 | I122: 4
A123: ='Parcela 11'!A74 -> 45716 | C123: ='Parcela 11'!C74 -> Holerite (parte) | E123: ='Parcela 11'!E74 -> Bruna L. A. dos Santos - Serviços Gerais | G123: ='Parcela 11'!G74 -> 1562 | I123: 5
A124: ='Parcela 11'!A75 -> 45716 | C124: ='Parcela 11'!C75 -> Holerite (parte) | E124: ='Parcela 11'!E75 -> Cleitom H.S> dos Santos - Cuidador | G124: ='Parcela 11'!G75 -> 3037 | I124: 6
A125: ='Parcela 11'!A76 -> 45716 | C125: ='Parcela 11'!C76 -> Holerite (parte) | E125: ='Parcela 11'!E76 -> Daiany Renata Thomazini - Cuidadora | G125: ='Parcela 11'!G76 -> 3441 | I125: 7
A126: ='Parcela 11'!A77 -> 45716 | C126: ='Parcela 11'!C77 -> Holerite (parte) | E126: ='Parcela 11'!E77 -> Edmara Teles Martins - Serviços Gerais | G126: ='Parcela 11'!G77 -> 2007 | I126: 8
A127: ='Parcela 11'!A78 -> 45716 | C127: ='Parcela 11'!C78 -> Holerite (parte) | E127: ='Parcela 11'!E78 -> Elenice T. F. da Silva - Serviços Gerais | G127: ='Parcela 11'!G78 -> 2666 | I127: 9
A128: ='Parcela 11'!A79 -> 45716 | C128: ='Parcela 11'!C79 -> Holerite (parte) | E128: ='Parcela 11'!E79 -> Enara C. de Campos Seco - Coordenadora | G128: ='Parcela 11'!G79 -> 6904 | I128: 10
A129: ='Parcela 11'!A80 -> 45716 | C129: ='Parcela 11'!C80 -> Holerite (parte) | E129: ='Parcela 11'!E80 -> Fátima Mariellen Sobral Pereira - Cozinheira | G129: ='Parcela 11'!G80 -> 2612 | I129: 11
A130: ='Parcela 11'!A81 -> 45716 | C130: ='Parcela 11'!C81 -> Holerite (parte) | E130: ='Parcela 11'!E81 -> Fernanda de O. Vieira - Analista Financeiro | G130: ='Parcela 11'!G81 -> 4471 | I130: 12
... A149: ='Parcela 11'!A100 -> 45716 | C149: ='Parcela 11'!C100 -> Holerite (parte) | E149: ='Parcela 11'!E100 -> Vanusa M. S. Santos - Serviços Gerais | G149: ='Parcela 11'!G100 -> 2865 | I149: 31
A150: ='Parcela 11'!A101 -> 45689 | C150: ='Parcela 11'!C101 -> FGTS - Comp. | D150: ='Parcela 11'!D101 -> 02/2025(parte) | E150: ='Parcela 11'!E101 -> Folha de pagamento | G150: ='Parcela 11'!G101 -> 5830.28 | I150: 32
A151: ='Parcela 11'!A102 -> 45698 | C151: ='Parcela 11'!C102 -> Holerite (parte)-férias | E151: ='Parcela 11'!E102 -> Tamiris de Assis de Sá - Recepcionista | G151: ='Parcela 11'!G102 -> 1187.41 | I151: 33
A152: ='Parcela 11'!A103 -> 45715 | C152: ='Parcela 11'!C103 -> Holerite (parte)-férias | E152: ='Parcela 11'!E103 -> Junio de Sousa Carvalho - Cuidador | G152: ='Parcela 11'!G103 -> 2263.63
A153: ='Parcela 11'!A104 -> 45716 | C153: ='Parcela 11'!C104 -> Holerite (parte)-férias | E153: ='Parcela 11'!E104 -> Fernanda de O. Vieira - Analista financeiro | G153: ='Parcela 11'!G104 -> 1039.09
A154: ='Parcela 11'!A105 -> 45689 | C154: ='Parcela 11'!C105 -> GPS-Comp. 02/2025(parte) | E154: ='Parcela 11'!E105 -> Folha de pagamento | G154: ='Parcela 11'!G105 -> 4932.59
A155: ='Parcela 11'!A106 -> 0 | C155: ='Parcela 11'!C106 -> 0 | E155: ='Parcela 11'!E106 -> 0 | G155: ='Parcela 11'!G106 -> 0 | I155: 34 | J155: =SUM(G119:G155) -> 116162
A160: ='Parcela 12'!A70 -> 45747 | C160: ='Parcela 12'!C70 -> Holerite (parte) | E160: ='Parcela 12'!E70 -> Ana Lucia F. dos Santos - Cozinheira | G160: ='Parcela 12'!G70 -> 2662 | I160: 1
A161: ='Parcela 12'!A71 -> 45747 | C161: ='Parcela 12'!C71 -> Holerite (parte) | E161: ='Parcela 12'!E71 -> Ana Maria C. T. Neves - Serviços Gerais | G161: ='Parcela 12'!G71 -> 0 | I161: 2
A162: ='Parcela 12'!A72 -> 45747 | C162: ='Parcela 12'!C72 -> Holerite (parte) | E162: ='Parcela 12'!E72 -> Andreia dos Santos Pina - Terapeuta Ocup. | G162: ='Parcela 12'!G72 -> 2477 | I162: 3
...

Sheet Aporte
A4: DEMONSTRATIVO INTEGRAL DAS RECEITAS E DESPESAS
D5: =DADOS!A5 -> EXERCÍCIO: | E5: =DADOS!C5 -> 2025
A8: =DADOS!A$8 -> CONTRATANTE | D8: =DADOS!D$8 -> Prefeitura Municipal de Americana
A9: =DADOS!A$9 -> CONTRATADA | D9: =DADOS!D$9 -> Associação Beneficente Residencial Evangélico Benaiah
A10: =DADOS!A$14 -> CNPJ: | D10: =DADOS!B$14 -> 43.266.758/0001-89
A11: =DADOS!A$10 -> ENDEREÇO | D11: =DADOS!D$10 -> Rua Benaiah, 290 - Terramérica - Americana/SP – CEP 13.468-824
A12: =DADOS!A$11 -> RESPONSAVEL PELA ORGANIZAÇÃO | D12: =DADOS!D$11 -> HELIO DE OLIVEIRA CAMARGO
A13: =DADOS!A$13 -> TERMO DE COLABORAÇÃO | D13: =DADOS!D13 -> 169/2024 | E13: =DADOS!E13 -> ADITAMENTO | F13: =DADOS!F13 -> 0
A16: PARCELA Nº | C16: Aporte
A17: DEMOSTRATICO DOS REPASSES PÚBLICOS RECEBIDOS
A18: ORIGEM DOS RECURSOS | C18: VALORES PREVISTOS - R$ | E18: DOC. DE CRÉDITO Nº | F18: DATA | G18: VALORES
G19: REPASSADOS -R$
A20: Municipal | D20: 61259.59 | E20: 000001 | F20: 44545 | G20: 61259.59
F24: RECEITA COM APLICAÇÕES FINANCEIRAS DOS REPASSES PÚBLICOS
F25: SALDO DE RECURSOS PÚBLICOS NÃO APLICADOS
F26: TOTAL | G26: =SUM(G20:G25) -> 61259.59
F27: RECURSOS PROPRIOS APLICADOS PELA ENTIDADE
A28: Os signatários, na qualidade de representantes da Associação Beneficente Residencial Evangélico Benaiah, vem indicar,
A29: na forma abaixo detalhada, a aplicação dos recursos recebidos no exercício supramencionado, na importância total de
A30: =SUM(G20:G23) -> 61259.59 | B30: (sessenta e um mil, dunzentos e cinquenta e nove reais e e cinquenta e nove centavos), acrescidos do saldo
A31: de recursos não aplicados | C31: no valor de R$ | D31: =G25 -> 0 | E31: ( reais)
A32: DEMONSTRATIVO DAS DESPESAS REALIZADAS
A33: CATEGORIA OU FINALIDADE | D33: PERIODO DE | F33: ORIGEM DO | G33: VALORES
A34: DAS DESPESAS | D34: REALIZAÇÃO | F34: RECURSO | G34: APLICADOS
A35: RECURSOS HUMANOS | D35: =DADOS!B$32 -> dezembro | F35: Municipal | G35: =G104 -> 61259.59
A36: MANUTENÇÃO - Utilidades públicas | D36: =DADOS!B$32 -> dezembro | F36: Municipal | G36: =G112 -> 0
A37: MANUTENÇÃO - Gêneros alimentícios | D37: =DADOS!B$32 -> dezembro | F37: Municipal | G37: =G125 -> 0
A38: MANUTENÇÃO - Mateirais de consumo | D38: =DADOS!B$32 -> dezembro | F38: Municipal | G38: =G137 -> 0
A39: MANUTENÇÃO - Combustível | D39: =DADOS!B$32 -> dezembro | F39: Municipal | G39: =G143 -> 0
A40: MANUTENÇÃO - Outras despesas | D40: =DADOS!B$32 -> dezembro | F40: Municipal | G40: =G152 -> 0
A41: TOTAL DAS DESPESAS | G41: =SUM(G35:G40) -> 61259.59
A42: RECURSO PÚBLICO NÃO APLICADO | G42: =SUM(G20:G23)-G41 -> 0
A43: VALOR DEVOLVIDO AO ORGÃO CONCESSOR
A44: VALOR AUTORIZADO PARA APLICAÇÃO NO EXERCICIO SEGUINTE | G44: =G26-G41-G43 -> 0
A45: Declaramos, na qualidade de responsáveis pela Entidade supra epigrafada, sob as penalidades da Lei, que as despesas relacionadas, examinadas pelo Conselho Fiscal, comprovam a exata aplicação dos recursos recebidos para os fins indicados através da conta corrente 003/00004492-7, agência 0278, para finalidade específica, conforme programa de trabalho aprovado, proposto ao Órgão Concessor.
B47: Americana, | C47: 24 de janeiro de 2022.
A53: Membros do Conselho Fiscal
B57: =A4 -> DEMONSTRATIVO INTEGRAL DAS RECEITAS E DESPESAS
D58: =D5 -> EXERCÍCIO: | E58: =E5 -> 2025
A60: =A8 -> CONTRATANTE | D60: =D8 -> Prefeitura Municipal de Americana
A61: =A9 -> CONTRATADA | D61: =D9 -> Associação Beneficente Residencial Evangélico Benaiah
A62: =A10 -> CNPJ: | D62: =D10 -> 43.266.758/0001-89
A63: =A11 -> ENDEREÇO | D63: =D11 -> Rua Benaiah, 290 - Terramérica - Americana/SP – CEP 13.468-824
A64: =A12 -> RESPONSAVEL PELA ORGANIZAÇÃO | D64: =D12 -> HELIO DE OLIVEIRA CAMARGO
A65: =A13 -> TERMO DE COLABORAÇÃO | D65: =D13 -> 169/2024 | E65: =E13 -> ADITAMENTO | F65: =F13 -> 0
A66: PARCELA Nº | C66: =C16 -> Aporte
A67: RECURSOS HUMANOS (5) - Salários, encargos e benefícios
A68: DATA DO | C68: ESPECIFICAÇÃO DO | E68: NATUREZA DA DESPESA | G68: VALOR - R$
A69: DOCUMENTO | C69: DOCUMENTO | E69: RESUMIDAMENTE
A70: 44550 | C70: Holerite (parte) | E70: Ana Lucia F. dos Santos - Cozinheira | G70: 1379
A71: 44550 | C71: Holerite (parte) | E71: Andreia dos Santos Pina - Terapeuta Ocup. | G71: 1636
A72: 44550 | C72: Holerite (parte) | E72: Beatriz A. dos Santos - Cozinheira | G72: 1330
A73: 44550 | C73: Holerite (parte) | E73: Daiany Renata Thomazini - Cuidadora | G73: 1612
A74: 44550 | C74: Holerite (parte) | E74: Daniely Camargo Nunes - Cuidadora | G74: 1719
A75: 44550 | C75: Holerite (parte) | E75: Deborah A. Silva - Aux. de Enfermagem | G75: 1673
A76: 44550 | C76: Holerite (parte) | E76: Elenice T. F. da Silva - Serviços Gerais | G76: 1235
A77: 44550 | C77: Holerite (parte) | E77: Enara C. de Campos Seco - Coordenadora | G77: 3317
A78: 44550 | C78: Holerite (parte) | E78: Fernanda de O. Vieira - Assistente Financeiro | G78: 2239
A79: 44550 | C79: Holerite (parte) | E79: Janaina V. de O. Camargo - Nutricionista | G79: 1950
A80: 44550 | C80: Holerite (parte) | E80: Juliana M. da Silva Domingues - Cuidadora | G80: 1553
A81: 44550 | C81: Holerite (parte) | E81: Junio de Sousa Carvalho - Cuidador | G81: 1358
... A102: 44550 | C102: GPS-Comp. 12/2021 (parte) | E102: GPS-folha de pagamento | G102: 7026.71
A103: 44543 | C103: Helerite (parte)-salário férias | E103: Marina da Silva de Leão - Cuidadora | G103: 1165.25 | J103: =DADOS!D$35 -> 116162
F104: TOTAL RECURSOS HUMANOS | G104: =SUM(G70:G103) -> 61259.59 | H104: =IF(J104>J103*0.05,"DIMINUIR VALOR",IF(J104<-J103*0.05,"AUMENTAR VALOR","")) -> AUMENTAR VALOR | J104: =G104-J103 -> -54902.41
A105: MANUTENÇÃO: Uilidades públicas (7) - Energia Elétrica, água e esgoto, gás, telefone e internet
A106: DATA DO | C106: ESPECIFICAÇÃO DO | E106: NATUREZA DA DESPESA | G106: VALOR - R$
A107: DOCUMENTO | C107: DOCUMENTO | E107: RESUMIDAMENTE
J111: =DADOS!E$32 -> 0
F112: TOTAL UTILIDADES PÚBLICAS | G112: =SUM(G108:G111) -> 0 | H112: =IF(J112>J111*0.05,"DIMINUIR VALOR",IF(J112<-J111*0.05,"AUMENTAR VALOR","")) | J112: =G112-J111 -> 0
A113: MANUTENÇÃO: Gêneros alimentícios
A114: DATA DO | C114: ESPECIFICAÇÃO DO | E114: NATUREZA DA DESPESA | G114: VALOR - R$
A115: DOCUMENTO | C115: DOCUMENTO | E115: RESUMIDAMENTE
J124: =DADOS!F$32 -> 0
F125: TOTAL GÊNEROS ALIMENTICIOS | G125: =SUM(G116:G124) -> 0 | H125: =IF(J125>J124*0.05,"DIMINUIR VALOR",IF(J125<-J124*0.05,"AUMENTAR VALOR","")) | J125: =G125-J124 -> 0
A126: MANUTENÇÃO: Materiais de consumo
A127: DATA DO | C127: ESPECIFICAÇÃO DO | E127: NATUREZA DA DESPESA | G127: VALOR - R$
A128: DOCUMENTO | C128: DOCUMENTO | E128: RESUMIDAMENTE
J136: =DADOS!G$32 -> 0
F137: TOTAL MATERIAIS DE CONSUMO | G137: =SUM(G129:G136) -> 0 | H137: =IF(J137>J136*0.05,"DIMINUIR VALOR",IF(J137<-J136*0.05,"AUMENTAR VALOR","")) | J137: =G137-J136 -> 0
A138: MANUTENÇÃO: Combustível
A139: DATA DO | C139: ESPECIFICAÇÃO DO | E139: NATUREZA DA DESPESA | G139: VALOR - R$
A140: DOCUMENTO | C140: DOCUMENTO | E140: RESUMIDAMENTE
F143: TOTAL COMBUSTIVEL | G143: =SUM(G141:G142) -> 0
A144: MANUTENÇÃO: Outras despesas
A145: DATA DO | C145: ESPECIFICAÇÃO DO | E145: NATUREZA DA DESPESA | G145: VALOR - R$
A146: DOCUMENTO | C146: DOCUMENTO | E146: RESUMIDAMENTE
J149: =DADOS!I$32 -> 0
H150: =IF(J150>J149*0.05,"DIMINUIR VALOR",IF(J150<-J149*0.05,"AUMENTAR VALOR","")) | J150: =G152-J149 -> 0
F152: TOTAL OUTRAS DESPESAS | G152: =SUM(G147:G151) -> 0 | J152: =DADOS!J$32 -> 0
F153: TOTAL MANUTENÇÃO | G153: =SUM(G152+G143+G137+G125+G112) -> 0 | H153: =IF(J153>J152*0.05,"DIMINUIR VALOR",IF(J153<-J152*0.05,"AUMENTAR VALOR","")) | J153: =G153-J152 -> 0
F154: TOTAL GERAL | G154: =SUM(G153+G104) -> 61259.59 | H154: =IF(G154>J154,"DIMINUIR VALOR",IF(G154<J154,"AUMENTAR VALOR","")) -> AUMENTAR VALOR | J154: =J103+J152 -> 116162
A155: Declaramos que os valores acima conferem com o Demonstrativo Integral das Receitas e Despesas do Exercício, elaborado nos moldes das Instruções vigentes do Tribunal de Contas do Estado de São Paulo.
B156: Americana, | C156: =C47 -> 24 de janeiro de 2022.
A171: Declaração
A174: Declaramos, para os devidos fins, que os comprovantes de despesas constantes na Prestação de Contas da
A175: parcela abaixo, estão devidamente quitados:
A176: =C16 -> Aporte | B176: ª parcela do | C176: =A13 -> TERMO DE COLABORAÇÃO | E176: =D13 -> 169/2024 | F176: =E13 -> ADITAMENTO | G176: =F13 -> 0
B178: Americana, | C178: =C47 -> 24 de janeiro de 2022.
